 Dungeon Crawl Stone Soup version 0.29-a0-892-g2c4c91d9db (webtiles) character file.

Game seed: 9586292201382236426

979704 scionoferis the Archmage (level 27, -2/232 HPs)
             Began as a Demonspawn Ice Elementalist on July 17, 2022.
             Was the Champion of Vehumet.
             Slain by Ziokk the pandemonium lord (15 damage)
             ... on level 27 of a ziggurat on July 22, 2022.
             The game lasted 16:58:13 (128547 turns).

scionoferis the Archmage (DsIE)                   Turns: 128547, Time: 16:58:14

Health: -2/232     AC: 25    Str: 14      XL:     27
Magic:  42/54      EV: 24    Int: 42      God:    Vehumet [******]
Gold:   5754       SH: 16    Dex: 13 (14) Spells: 9/80 levels left

rFire   + + +      SeeInvis +   a - +9 demon blade (vorpal)
rCold   + . .      Faith    .   w - +2 kite shield {AC+3}
rNeg    + + +      Spirit   .   l - +5 robe of Night {Dark Will+ SInv}
rPois   ∞          Reflect  .   Q - +2 helmet {Int+3}
rElec   .          Harm     .   t - +0 cloak of the Untouchables {+Inv Regen+ rCorr Stlth+}
rCorr   +          Rampage  .   (gloves unavailable)
Will    +++++                   E - +0 pair of boots "Bofaot" {rF+++ Str+2 Stlth-}
Stlth   ++........              s - amulet of Vitality {RegenMP++ Regen++}
HPRegen 2.88/turn               n - +6 ring of intelligence
MPRegen 1.14/turn               K - +6 ring of intelligence

@: mighty, agile, lich-form, weakened, studying 3 skills, silenced, unable to
drink
A: draining attack, torment immunity, no potions, rugged brown scales 3, demonic
guardian 3, hurl damnation, powered by pain 3, torment resistance 1, demonic
willpower, demonic touch 3, noise suppression
}: 5/15 runes: serpentine, barnacled, slimy, silver, abyssal
a: Hurl Damnation, End Transformation, Renounce Religion, Evoke Invisibility


You were on level 27 of a ziggurat.
You worshipped Vehumet.
Vehumet was exalted by your worship.
You were an undead lich.
You visited 15 branches of the dungeon, and saw 65 of its levels.
You visited the Abyss 7 times.
You visited 1 ziggurat, and saw 27 of its levels.
You also visited: Gauntlet and Desolation.

You collected 10807 gold pieces.
You spent 5053 gold pieces at shops.

Inventory:

Hand Weapons
 a - a +9 vorpal demon blade (weapon)
 d - a +9 quick blade of electrocution
 C - the +2 Maxwell's thermic engine {flame, freeze}
   (You found it on level 19 of a ziggurat)

   It burns those it strikes, dealing additional fire damage.
   Big, fiery blades are also staple armaments of hydra-hunters.
   It freezes those it strikes, dealing additional cold damage.
   It can also slow down cold-blooded creatures.
   It becomes more effective when it hits something.
   This effect fades over time.
 F - the +6 morningstar "Ziafaum" {protect, Int+6 Stlth+}
   (You found it on level 15 of a ziggurat)

   It grants its wielder temporary protection when it strikes (+7 to AC).
   Int:       It affects your intelligence (+6).
   Stlth:     It makes you more stealthy.
 O - the +6 Majin-Bo {vamp, MP+6 Int+6}
   (You found it on level 12 of a ziggurat)

   It heals its wielder for a portion of the damage dealt when they wound a
   living foe with it or with a spell.
   Its wielder's spells cost health as well as magical power.
   Int:       It affects your intelligence (+6).
   MP:        It affects your magic capacity (+6).
Missiles
 j - 39 silver javelins
 B - 58 boomerangs (quivered)
 T - 15 throwing nets
 Z - 23 curare-tipped darts
Armour
 l - the +5 robe of Night (worn) {Dark Will+ SInv}
   (You found it on level 19 of a ziggurat)

   It shrouds the wearer in darkness, reducing the range at which they can see
   and be seen by others.
   SInv:      It lets you see invisible.
   Will:      It increases your willpower.
 t - the +0 cloak of the Untouchables (worn) {+Inv Regen+ rCorr Stlth+}
   (You found it in a Gauntlet)

   +Inv:      It lets you turn invisible.
   Regen:     It increases your rate of health regeneration.
   rCorr:     It protects you from acid and corrosion.
   Stlth:     It makes you more stealthy.
 w - a +2 kite shield of protection (worn)
 A - a +2 robe of the Archmagi
 E - the +0 pair of boots "Bofaot" (worn) {rF+++ Str+2 Stlth-}
   (You bought it in a shop on level 5 of the Dungeon)

   Str:       It affects your strength (+2).
   rF:        It renders you almost immune to fire.
   Stlth:     It makes you less stealthy.
 Q - a +2 helmet of intelligence (worn)
 U - the +2 shield of Resistance {rF++ rC++ Will++}
   (You found it on level 13 of a ziggurat)

   rF:        It greatly protects you from fire.
   rC:        It greatly protects you from cold.
   Will:      It greatly increases your willpower.
 V - a +2 buckler of reflection
Magical Staves
 b - a staff of cold
 k - a staff of air
Jewellery
 n - a +6 ring of intelligence (left hand)
 q - the ring of Xom's Amusement {Will+ SInv}
   (You took it off a vault warden on level 5 of the Vaults)

   [ring of see invisible]

   SInv:      It lets you see invisible.
   Will:      It increases your willpower.
 s - the amulet of Vitality (around neck) {RegenMP++ Regen++}
   (You bought it in a shop on level 14 of the Dungeon)

   [amulet of magic regeneration]

   It increases your rate of magic regeneration.
   Regen:     It increases your rate of health regeneration.
 u - the ring of the Glowing Tales {rC+ rCorr Str-3 Dex+6}
   (You found it on level 1 of the Lair of Beasts)

   [ring of dexterity]

   Str:       It affects your strength (-3).
   Dex:       It affects your dexterity (+6).
   rC:        It protects you from cold.
   rCorr:     It protects you from acid and corrosion.
 I - the amulet "Debib" {Acrobat rElec rF+}
   (You found it on level 21 of a ziggurat)

   [amulet of the acrobat]

   It increases your evasion while moving and waiting.
   rF:        It protects you from fire.
   rElec:     It insulates you from electricity.
 K - a +6 ring of intelligence (right hand)
 M - the ring of Tuakk {rC+ rN+ Dex+2}
   (You found it on level 26 of a ziggurat)

   [ring of positive energy]

   Dex:       It affects your dexterity (+2).
   rC:        It protects you from cold.
   rN:        It protects you from negative energy.
 P - the ring of Viefoi {rPois rF++ Will+ Str-2 Int+3}
   (You found it on level 18 of a ziggurat)

   [ring of willpower]

   Str:       It affects your strength (-2).
   Int:       It affects your intelligence (+3).
   rF:        It greatly protects you from fire.
   rPois:     It protects you from poison.
   Will:      It increases your willpower.
 R - the ring of Josaech {rC+ Str+5}
   (You found it on level 12 of the Dungeon)

   [ring of protection from cold]

   Str:       It affects your strength (+5).
   rC:        It protects you from cold.
 S - the ring of Ipeqattu {rF+ Will+}
   (You found it on level 23 of a ziggurat)

   [ring of protection from fire]

   rF:        It protects you from fire.
   Will:      It increases your willpower.
Wands
 L - a wand of iceblast (30)
 W - a wand of digging (13)
 Y - a wand of acid (35)
Scrolls
 g - 13 scrolls of enchant weapon
 h - 7 scrolls of amnesia
 o - 8 scrolls of blinking
 r - 21 scrolls of fog
 v - 2 scrolls of summoning
 x - 16 scrolls of magic mapping
 y - 3 scrolls of enchant armour
 G - 35 scrolls of teleportation
Potions
 c - 10 potions of heal wounds
 e - 8 potions of brilliance
 i - 25 potions of curing
 m - 10 potions of magic
 p - 8 potions of haste
 D - 20 potions of mutation
 J - a potion of resistance
Miscellaneous
 f - the horn of Geryon
 z - a lightning rod (4/4)
 H - a phantom mirror (inert)


   Skills:
 + Level 17.8 Fighting
 - Level 6.2(10.7) Short Blades
 - Level 13.4(14.0) Long Blades
 - Level 6.0 Armour
 + Level 16.9 Dodging
 - Level 1.7 Stealth
 - Level 17.5 Shields
 O Level 27 Spellcasting
 + Level 19.0 Conjurations
 - Level 20.0 Necromancy
 - Level 5.0 Translocations
 - Level 18.0 Transmutations
 * Level 15.7 Fire Magic
 - Level 25.0 Ice Magic
 + Level 22.2 Earth Magic
 - Level 9.0 Evocations


You had 9 spell levels left.
You knew the following spells:

 Your Spells              Type           Power      Damage    Failure   Level
a - Lee's Rapid Deconstr  Erth           63%        3d30*     0%          5
b - Iron Shot             Conj/Erth      62%        9d12      0%          6
c - Ozocubu's Armour      Ice            100%       N/A       0%          3
d - Necromutation         Tmut/Necr      72%        N/A       1%          8
e - Fireball              Conj/Fire      58%        3d22      0%          5
f - Swiftness             Air            54%        N/A       1%          3
g - Iskenderun's Mystic   Conj/Tloc      100%       2d19      1%          4
h - Apportation           Tloc           100%       N/A       1%          1
i - Borgnjor's Vile Clut  Necr/Erth      75%        N/A       0%          5
j - Ozocubu's Refrigerat  Ice            66%        4d18      0%          7
k - Polar Vortex          Ice            66%        N/A       1%          9
l - Dispel Undead         Necr           100%       3d31      0%          4
m - Blink                 Tloc           100%       N/A       1%          2
n - Shatter               Erth           63%        3d47*     1%          9

Your spell library contained the following spells:

 Spells                   Type           Power      Damage    Failure   Level
 Beastly Appendage        Tmut           100%       N/A       0%          1
 Foxfire                  Conj/Fire      100%       2x1d9     0%          1
 Freeze                   Ice            100%       1d11      0%          1
 Magic Dart               Conj           100%       1d8       0%          1
 Necrotise                Necr           100%       1d9       0%          1
 Sandblast                Erth           100%       2d20      0%          1
 Shock                    Conj/Air       100%       1d9       0%          1
 Sting                    Tmut/Pois      100%       1d8       0%          1
 Ensorcelled Hibernation  Hex/Ice        100%       N/A       0%          2
 Passwall                 Tmut/Erth      100%       N/A       0%          2
 Scorch                   Fire           100%       2d10      0%          2
 Searing Ray              Conj           100%       2d8       0%          2
 Static Discharge         Conj/Air       94%        3-15/arc  0%          2
 Sublimation of Blood     Necr           100%       N/A       0%          2
 Wereblood                Tmut           100%       N/A       0%          2
 Conjure Flame            Conj/Fire      100%       6-21      0%          3
 Frozen Ramparts          Ice            100%       1d12      0%          3
 Ignite Poison            Fire/Tmut/Pois 100%       N/A       0%          3
 Stone Arrow              Conj/Erth      100%       3d13      0%          3
 Vampiric Draining        Necr           100%       2d13      0%          3
 Animate Dead             Necr           100%       N/A       0%          4
 Flame Wave               Conj/Fire      100%       2d17      0%          4
 Hailstorm                Conj/Ice       100%       3d20      0%          4
 Petrify                  Tmut/Erth      100%       N/A       0%          4
 Sticky Flame             Conj/Fire      100%       2d11      0%          4
 Agony                    Necr           100%       N/A       0%          5
 Blade Hands              Tmut           59%        N/A       0%          5
 Irradiate                Conj/Tmut      59%        3d31      0%          5
 Iskenderun's Battlesphe  Conj           100%       2d15      0%          5
 Simulacrum               Ice/Necr       76%        N/A       0%          6
 Statue Form              Tmut/Erth      82%        N/A       0%          6
 Summon Small Mammal      Summ           100%       N/A       1%          1
 Call Imp                 Summ           54%        N/A       1%          2
 Poisonous Vapours        Pois/Air       100%       N/A       1%          2
 Call Canine Familiar     Summ           54%        N/A       1%          3
 Dazzling Flash           Conj/Hex       100%       N/A       1%          3
 Gell's Gravitas          Tloc           78%        N/A       1%          3
 Inner Flame              Hex/Fire       89%        N/A       1%          3
 Lesser Beckoning         Tloc           78%        N/A       1%          3
 Mephitic Cloud           Conj/Pois/Air  83%        N/A       1%          3
 Portal Projectile        Hex/Tloc       100%       N/A       1%          3
 Spider Form              Tmut/Pois      93%        N/A       1%          3
 Summon Guardian Golem    Hex/Summ       54%        N/A       1%          3
 Teleport Other           Tloc           78%        N/A       1%          3
 Tukima's Dance           Hex            54%        N/A       1%          3
 Airstrike                Air            27%        0-9+      1%          4
 Anguish                  Hex/Necr       59%        N/A       1%          4
 Animate Armour           Summ/Erth      100%       N/A       1%          4
 Corpse Rot               Necr/Pois/Air  100%       N/A       1%          4
 Fulminant Prism          Conj/Hex       47%        3d21      1%          4
 Leda's Liquefaction      Hex/Erth       49%        N/A       1%          4
 Olgreb's Toxic Radiance  Pois           54%        N/A       1%          4
 Passage of Golubria      Tloc           78%        N/A       1%          4
 Summon Ice Beast         Ice/Summ       100%       N/A       1%          4
 Alistair's Intoxication  Tmut/Pois      62%        N/A       1%          5
 Freezing Cloud           Conj/Ice/Air   55%        6-21      1%          5
 Lightning Bolt           Conj/Air       47%        1d67      1%          5
 Manifold Assault         Tloc           78%        N/A       1%          5
 Metabolic Englaciation   Hex/Ice        52%        N/A       1%          5
 Yara's Violent Unravell  Hex/Tmut       46%        3d18      1%          5
 Conjure Ball Lightning   Conj/Air       47%        3x3d16    1%          6
 Death Channel            Necr           73%        N/A       1%          6
 Eringya's Noxious Bog    Tmut/Pois      46%        N/A       1%          6
 Starburst                Conj/Fire      58%        6d15      1%          6
 Dragon Form              Tmut           59%        N/A       1%          7
 Orb of Destruction       Conj           60%        9d15      1%          7
 Spellforged Servitor     Conj/Summ      47%        N/A       1%          7
 Borgnjor's Revivificati  Necr           73%        N/A       1%          8
 Ignition                 Fire           56%        3d15      1%          8
 Infestation              Necr           73%        N/A       1%          8
 Lehudib's Crystal Spear  Conj/Erth      62%        10d14     1%          8
 Cause Fear               Hex            27%        N/A       4%          4
 Summon Lightning Spire   Summ/Air       54%        N/A       4%          4
 Summon Forest            Summ/Tloc      33%        N/A       4%          5
 Haunt                    Necr/Summ      59%        N/A       6%          7
 Dispersal                Tloc           39%        N/A       9%          6
 Storm Form               Tmut/Air       46%        N/A       9%          7
 Fire Storm               Conj/Fire      58%        8d15      10%         9
 Silence                  Hex/Air        27%        N/A       12%         5
 Summon Mana Viper        Hex/Summ       54%        N/A       12%         5
 Death's Door             Necr           73%        N/A       12%         9
 Summon Cactus Giant      Summ           27%        N/A       54%         6
 Malign Gateway           Summ/Tloc      33%        N/A       77%         7
 Chain Lightning          Conj/Air       47%        3d62      88%         9
 Enfeeble                 Hex            27%        N/A       98%         7
 Monstrous Menagerie      Summ           27%        N/A       98%         7
 Summon Hydra             Summ           27%        N/A       98%         7
 Disjunction              Tloc           39%        N/A       98%         8
 Maxwell's Capacitive Co  Air            27%        ∞         99%         8
 Discord                  Hex            27%        N/A       100%        8
 Summon Horrible Things   Summ           27%        N/A       100%        8


Dungeon Overview and Level Annotations

Branches:
Dungeon (15/15)            Temple (1/1) D:4            Lair (5/5) D:8
 Shoals (4/4) Lair:3        Snake (4/4) Lair:3        Slime (5/5) Lair:5
    Orc (2/2) D:9             Elf (3/3) Orc:2        Vaults (5/5) D:14
  Crypt (3/3) Vaults:2       Tomb (1/3) Crypt:3      Depths (4/4) D:15
   Hell (visited)             Dis (0/7) Hell            Geh (7/7) Hell
    Coc (0/7) Hell            Tar (0/7) Hell            Zot (5/5) Depths:4
Desolation (visited)      Gauntlet (visited)

Altars:
Ashenzari
Cheibriados
Dithmenos
Fedhas
Gozag
Hepliaklqana
Kikubaaqudgha
Makhleb
Nemelex Xobeh
Okawaru
Qazlal
Ru
Sif Muna
Trog
Uskayaw
Vehumet
Wu Jian
Xom
Yredelemnul

Shops:
D:5 [   D:7 (   D:8 [!*[   D:13 (   D:14 (*=*=   Orc:2 [([*   Elf:1 :=:
Elf:2 ?([*   Elf:3 (   Snake:1 *(   Snake:4 (=:?   Vaults:1 (   Vaults:4 (
Depths:4 [

Portals:
Hell: Depths:1 Depths:2 Depths:3 Depths:4
Abyss: Depths:2 Depths:3
Pandemonium: Depths:2

Annotations:
Slime:1 exclusion: azure jelly
Zot:5 1 exclusion


Innate Abilities, Weirdness & Mutations

You are an undead lich.
Your unarmed attacks are suffused with negative energy.
You are immune to unholy pain and torment.
Your necromantic spells are more powerful.
You cannot drink.
You are immune to poison.
You are completely covered in rugged brown scales. (AC +3, +7% HP)
A powerful demonic guardian rushes to your aid.
You can hurl damnation.
You are powered by pain.
You are resistant to unholy torment.
You punish those that try to bend your will. (Will+)
Your touch may irresistibly damage your foes and sap their willpower.
You passively dampen the noise of your surroundings.


Message History

The floor.
Press: ? - help, v - describe, . - travel
Here: Qikh (purple smoke, silenced, moderately wounded, unaffected by silence)
The floor.
Okay, then.
Aiming: Phantom Mirror
Press: ? - help, Dir - move target, f - Qikh
Aim: Qikh (purple smoke, silenced, moderately wounded, unaffected by silence)
You reflect Qikh with the mirror!
The mirror clouds!
Riyvye hits you!!
* * * LOW HITPOINT WARNING * * *
You focus on the pain.
You feel your power returning.
The Killer Klown tickles you but does no damage.
Yssugyar hits you.
* * * LOW HITPOINT WARNING * * *
You block the chaos spawn's attack.
Ziokk gestures.
Send 'em back where they came from!
Your Hell Sentinel disappears in a puff of smoke!
Qikh shimmers and vanishes!
Jeotioff hits you.
* * * LOW HITPOINT WARNING * * *
You feel your power leaking away. Qikh gestures at you.
You block Riyvye's attack.
The large abomination hits you but does no damage.
The moth of wrath goads the chaos spawn on!
The chaos spawn goes berserk!
Yssugyar hits you but does no damage.
The Killer Klown elbows you but does no damage.
You can't produce a sound!
Press: ? - help, v - describe, . - travel
Here: a chaos spawn (silenced, berserk)
The floor.
a - a +9 vorpal demon blade (weapon)
You block the chaos spawn's attack. Jeotioff hits you!!
* * * LOW HITPOINT WARNING * * *
You focus on the pain.
You feel very mighty all of a sudden.
You feel your power leaking away. Ziokk snaps closed at you!
You die...

▓▓▓ ▓▓▓▓▓▓▓▓.▓▓▓▓▓▓
▓▓▓▓..............
▓▓▓........&Xp......
▓▓▓..........&L&§.....
▓▓....P.......4y&.X..°.
▓▓...♣.P............XX..
▓.......♣........X.†....
....PP.#.PP....†.X..&).X
......♣... ...†.......†X
.......P. ............
.......P .......


You could see Jeotioff, Qikh (unsilenced), Riyvye, Yssugyar (unsilenced), Ziokk
(silencing, unsilenced), a Killer Klown (unsilenced), a tentacled monstrosity
(summoned), a moth of wrath (unsilenced), 5 large abominations and a chaos spawn
(berserk).

Vanquished Creatures
  the Royal Jelly (Slime:5)
  The ghost of Reun the Infernalist, a legendary GrEE of the Shining One (Zig:23)
  The ghost of Piginabag the Conqueror, a legendary DsSk of Gozag (Zig:23)
  5 dread liches
  The ghost of scionoferis the Sensei, a legendary OpTm of Gozag (Zig:23)
  The ghost of corvin the Slayer, a legendary OgWn of Dithmenos (Zig:23)
  The ghost of Sext the Conqueror, a legendary MiFi of the Shining One (Zig:23)
  The ghost of Loffalid the Hoplite, a legendary OpEE of Gozag (Zig:23)
  The ghost of Loffalid the Hoplite, a legendary OpEE of Gozag (Zig:23)
  4 orbs of fire
  The ghost of frimble the Slayer, a legendary MiHu of Okawaru (Zig:23)
  3 ancient liches
  Mara (Shoals:3)
  The ghost of strangelove the Metallomancer, a master GrEE of Vehumet (Zig:23)
  The ghost of thechecker02 the Slayer, a master DDFi of Makhleb (Zig:23)
  The ghost of ragingrage the Conqueror, a legendary FoAK of Lugonu (Zig:23)
  The ghost of Zenecom the Conqueror, a legendary MiFi of Makhleb (Zig:23)
  The ghost of Alysiarr the Cutthroat, a legendary KoHu of Okawaru (Zig:23)
  The ghost of skullybones the Slayer, a legendary DsMo of Okawaru (Zig:23)
  12 juggernauts
  9 royal mummies (Zig:18)
  The ghost of andrewp the Conqueror, a veteran MiBe of Trog (Zig:23)
  Boris (Crypt:3)
  9 Killer Klowns
  3 shard shrikes (Zig:6)
  9 pandemonium lords (Zig:27)
  Xtahua (Crypt:2)
  Frederick (Vaults:3)
  11 caustic shrikes
  6 curse toes
  Geryon (Hell)
  the Enchantress (Depths:4)
  16 golden dragons
  Jory (Vaults:3)
  3 profane servitors
  7 Tzitzimimeh (Zig:22)
  3 electric golems
  24 bone dragons
  2 Ice Fiends
  12 Brimstone Fiends
  11 hellephants
  The ghost of Xutext the Spry, an adept DsAK of Lugonu (Zig:23)
  5 doom hounds (Zig:22)
  3 tainted leviathans (Zig:22)
  A Hell Sentinel (Abyss:4)
  25 Orb Guardians (Zot:5)
  24 tentacled monstrosities
  Rupert (Orc:1)
  15 liches
  11 titans
  22 searing wretches
  A walking crystal tome (Depths:2)
  8 quicksilver dragons
  Murray (Hell)
  5 deep elf blademasters
  An Executioner (Abyss:1)
  14 sphinxes
  23 acid blobs
  Kirke (Elf:1)
  9 deep elf master archers
  6 ancient champions
  3 krakens
  Gastronok (Lair:3)
  2 sphinxes (shapeshifter) (Zig:27)
  25 tentacled starspawn
  12 death cobs
  A shadow dragon (shapeshifter) (Zig:27)
  2 tengu reavers
  A storm dragon (shapeshifter) (Zig:27)
  The ghost of siradein the Lord of Darkness, an adept DsNe of Kikubaaqudgha (Shoals:4)
  14 azure jellies
  22 shadow dragons
  11 draconian monks
  10 storm dragons
  Donald (Vaults:3)
  10 nagarajas
  23 fire giants
  13 rockslimes
  17 draconian knights
  12 revenants
  14 vault wardens
  7 deep elf sorcerers
  15 frost giants
  A fire giant (shapeshifter) (Depths:2)
  4 iron dragons
  3 imperial myrmidons (Desolation)
  Aizul (Snake:2)
  10 draconian shifters
  2 cacodemons
  4 caustic shrike zombies
  10 ghost moths
  6 curse skulls
  Louise (D:14)
  17 orc warlords
  5 emperor scorpions (Zig:26)
  6 draconian stormcallers
  An angel (Abyss:4)
  3 deep elf elementalists (Elf:3)
  18 balrugs
  8 ghouls
  16 draconian scorchers
  17 ironbound preservers
  13 draconian annihilators
  4 spriggan defenders
  A stone giant (shapeshifter) (Zig:27)
  4 war gargoyles
  13 quicksilver oozes
  A juggernaut skeleton (Abyss:4)
  38 very ugly things
  3 caustic shrike skeletons
  9 vampire knights
  2 broodmothers (Zig:26)
  A demonspawn corrupter (Zig:21)
  4 putrid mouths
  12 reapers
  3 demonspawn black suns
  An ophan (Zig:11)
  2 starflowers (Abyss:3)
  2 bennus (Tomb:1)
  11 deep elf demonologists
  23 green draconians
  29 stone giants
  6 ironbound thunderhulks
  21 black draconians
  13 dire elephants
  14 entropy weavers
  2 eleionomae
  13 yellow draconians
  Azrael (D:13)
  10 deep elf annihilators
  19 white draconians
  5 bunyips
  A bunyip (shapeshifter) (Vaults:5)
  3 lorocyprocas
  30 red draconians
  10 spark wasps
  A halazid warlock (Desolation)
  20 purple draconians
  A minotaur (Gauntlet)
  A wendigo (Zig:6)
  19 eidola
  6 green deaths
  3 iron golems (Hell)
  10 deep elf death magi
  20 merfolk javelineers
  11 ettins
  5 blizzard demons
  20 ragged hierophants (Desolation)
  9 jiangshi
  Josephine (D:14)
  7 crystal guardians
  A quicksilver dragon zombie (Zig:18)
  An ettin (shapeshifter) (Zig:27)
  8 deep elf high priests
  A spectral spriggan (Zig:22)
  13 merfolk impalers
  3 shambling mangroves (Zig:16)
  8 great orbs of eyes
  15 yaktaur captains
  16 mummy priests
  11 ice dragons
  2 great orbs of eyes (shapeshifter)
  6 fire dragons
  3 spriggan zombies
  The ghost of jlumianski the Thaumaturge, a journeyman DsIE of Hepliaklqana (D:12)
  38 vault guards
  2 ghost crabs (Zig:23)
  12 boulder beetles
  21 peacekeepers
  6 rakshasas
  25 servants of whispers (Desolation)
  23 salamander tyrants
  A jorogumo (shapeshifter) (Zig:27)
  8 spriggan air magi
  4 alligator snapping turtles
  7 ironbound frosthearts
  3 catoblepae
  2 spriggan skeletons (Crypt:3)
  18 hydras
  9 anacondas
  An alligator snapping turtle (shapeshifter) (Zig:27)
  25 centaur warriors
  The ghost of buhh the Transmogrifier, a journeyman OpTm of Cheibriados (Lair:1)
  13 merfolk avatars
  5 alligators
  10 stokers
  4 two-headed ogres
  A jorogumo (Zig:26)
  2 radroaches (Zig:26)
  4 death knights (Crypt:2)
  5 deep troll shamans
  An anaconda (shapeshifter) (Vaults:1)
  23 naga warriors
  41 dancing weapons
  16 merfolk aquamancers
  A satyr (shapeshifter) (Zig:27)
  32 death scarabs
  A fenstrider witch skeleton (Crypt:3)
  16 satyrs
  61 hell hogs
  2 titan zombies
  9 vampire magi
  3 death yaks
  8 tengu warriors
  A spectral dire elephant (Geh:3)
  16 naga sharpshooters
  13 orc high priests
  A spectral naga (Geh:3)
  A spectral storm dragon (Zig:22)
  A deep troll earth mage (Depths:2)
  22 thrashing horrors
  4 spriggan berserkers (Depths:2)
  14 hell knights
  A shock serpent (shapeshifter) (Zig:27)
  11 shock serpents
  Amaemon (Lair:1)
  2 titan skeletons
  An iron troll (shapeshifter) (Zig:27)
  21 skeletal warriors
  18 soul eaters
  23 deep elf knights
  5 shadow wraiths
  Sonja (Orc:2)
  A fire crab (Zig:2)
  7 sun demons
  6 sixfirhies
  5 pharaoh ants (Zig:26)
  14 wretched stars
  9 iron trolls
  Lodul (D:13)
  A spectral anaconda (Lair:5)
  33 sea snakes
  3 salamander mystics
  A goliath frog (shapeshifter) (Vaults:5)
  2 spriggan druids (Zig:10)
  A spectral death yak (Lair:5)
  37 deep trolls
  4 death drakes
  2 shadow demons (Zig:21)
  4 steelbarb worms (Zig:26)
  2 goliath frogs
  4 spatial maelstroms
  7 glowing orange brains
  11 orb spiders
  38 starcursed masses
  6 swamp dragons
  A golden dragon zombie (Zig:18)
  A spriggan simulacrum (Abyss:3)
  A bunyip zombie (Crypt:3)
  9 naga ritualists
  A bunyip skeleton (Crypt:3)
  A spectral hydra (Geh:3)
  10 deep elf archers
  3 orange crystal statues
  A death drake (shapeshifter) (Elf:1)
  2 iron giant skeletons
  An anaconda skeleton (Crypt:3)
  4 bog bodies
  A golden dragon skeleton (Crypt:2)
  A shadow dragon zombie (Crypt:3)
  10 flayed ghosts
  20 ironbound convokers
  7 wolf spiders (Zig:26)
  3 obsidian statues
  22 necromancers
  2 lindwurms (Vaults:4)
  8 wizards
  26 phantasmal warriors
  30 deep elf zephyrmancers
  16 mana vipers
  26 deep elf pyromancers
  36 harpies
  17 shining eyes
  A stone giant zombie (Tomb:1)
  33 manticores
  6 will-o-the-wisps
  33 fauns
  10 orc sorcerers
  43 ugly things
  9 orc knights
  A sphinx zombie (Zig:18)
  14 merfolk sirens
  27 moths of wrath
  An oklob plant (Lair:4)
  3 apocalypse crabs
  22 elephants
  Maurice (D:8)
  23 salamanders
  A salamander (shapeshifter) (Vaults:5)
  14 cyclopes
  An iron dragon skeleton (Zig:18)
  4 rust devils
  19 naga magi
  2 moths of wrath (shapeshifter)
  42 black mambas
  An elephant (shapeshifter) (Vaults:1)
  4 naga zombies
  20 guardian serpents
  2 dire elephant skeletons
  9 orange demons
  17 vault sentinels
  20 water nymphs
  A centaur skeleton (Crypt:3)
  3 centaur zombies (Crypt:3)
  20 molten gargoyles
  5 eyes of devastation
  A gargoyle (Gauntlet)
  3 dire elephant zombies
  4 unseen horrors
  Psyche (D:12)
  2 naga skeletons (Hell)
  9 torpor snails
  An unseen horror zombie (Crypt:2)
  A kobold demonologist (D:14)
  28 smoke demons
  16 hellions
  16 cane toads
  6 freezing wraiths
  3 rime drakes
  43 yaktaurs
  Maggie (D:7)
  A bunyip simulacrum (Crypt:2)
  2 tengu conjurers
  3 ice devils
  4 demonic crawlers
  20 ancient zymes
  17 hellwings
  11 komodo dragons
  8 efreet
  A merfolk (shapeshifter) (Vaults:5)
  A silent spectre (Abyss:4)
  An anaconda simulacrum (Abyss:3)
  A hydra zombie (Crypt:3)
  86 merfolk
  A bloated husk (Zig:16)
  2 meliai (Abyss:3)
  11 tormentors
  16 wind drakes
  Prince Ribbit (D:7)
  A queen bee (Abyss:3)
  4 harpy zombies
  21 guardian mummies
  3 trolls
  A tyrant leech (Zig:16)
  A shadow dragon simulacrum (Hell)
  8 hornets
  2 polar bears
  174 saltlings (Desolation)
  178 slime creatures
  3 spectral elephants (Lair:5)
  5 tarantellas
  An ice dragon zombie (Hell)
  A blink frog (Zig:8)
  An ettin zombie (Tomb:1)
  27 snapping turtles
  32 raiju
  15 dream sheep
  51 large abominations
  A black mamba zombie (Tomb:1)
  3 jumping spiders (Zig:26)
  2 centaur simulacra
  A fire dragon skeleton (Crypt:3)
  Sigmund (D:4)
  8 spriggans
  A satyr skeleton (Crypt:2)
  6 shadows
  6 air elementals
  6 culicivoras (Zig:26)
  4 wyverns
  15 flying skulls
  A vampire (D:12)
  17 wraiths
  62 yaks
  14 ynoxinuls
  A culicivora (shapeshifter) (D:13)
  5 fire bats
  19 water elementals
  6 ushabtiu
  10 fire elementals
  A tyrant leech zombie (Crypt:1)
  6 basilisks
  15 golden eyes
  Eustachio (D:5)
  A black mamba skeleton (Crypt:3)
  2 steam dragons
  5 redbacks
  16 neqoxecs
  8 vampire mosquitoes
  9 chaos spawn
  Edmund (D:5)
  3 death yak simulacra (Lair:5)
  14 spatial vortices
  A deep troll zombie (Tomb:1)
  A faun zombie (Crypt:1)
  57 nagas
  7 wargs
  A water nymph zombie (Crypt:2)
  2 harpy simulacra
  3 acid dragons
  23 water moccasins
  6 hell hounds
  2 floating eyes
  63 orc warriors
  A cane toad skeleton (Crypt:1)
  A sky beast (D:7)
  2 ice beasts
  4 black bears
  A boggart (Elf:1)
  20 ogres
  4 elephant zombies (Lair:5)
  37 small abominations
  8 centaurs
  15 wolves
  2 elephant skeletons
  2 phantoms (D:5)
  12 bullfrogs
  A yaktaur skeleton (Crypt:1)
  6 earth elementals
  4 kobold brigands
  3 gnoll sergeants
  2 cane toad simulacra (Lair:5)
  2 necrophages
  4 scorpions
  A naga simulacrum (Hell)
  7 wyvern skeletons (Crypt:3)
  A komodo dragon skeleton (Crypt:1)
  A troll zombie (Crypt:2)
  4 wights (D:8)
  A raiju zombie (Crypt:1)
  A hornet simulacrum (D:15)
  An elephant simulacrum (Lair:5)
  3 killer bees (D:7)
  2 electric eels
  8 howler monkeys
  4 lava snakes (Snake:2)
  A crimson imp (Abyss:4)
  5 quasits
  6 jellies
  36 orc priests
  A gnoll bouda (D:7)
  Crazy Yiuf (D:4)
  6 hounds
  3 iron imps
  Jessica (D:2)
  A basilisk skeleton (Crypt:2)
  35 orc wizards
  2 iguanas
  12 hell rats
  4 lightning spires (Zig:18)
  Terence (D:2)
  A boggart skeleton (Crypt:1)
  A deep dwarf skeleton (Crypt:2)
  24 mummies
  Robin (D:3)
  16 gnolls
  7 adders
  3 shadow imps
  10 white imps
  9 ufetubi
  4 worms
  145 orcs
  9 endoplasms
  3 giant cockroaches
  15 goblins
  11 hobgoblins
  6 jackals
  5 quokkas
  6 ball pythons
  8 bats
  6 frilled lizards
  A hobgoblin skeleton (Crypt:1)
  23 kobolds
  An orc skeleton (Crypt:2)
  10 rats
  9 bushes
  A butterfly (Lair:3)
  16 creeping infernos
  89 fire vortices
  A lurking horror (Abyss:3)
  3 pillars of salt (Vaults:1)
  A plant (Depths:4)
  17 starspawn tentacles
  7 tentacles
  4 withered plants (Crypt:3)
4779 creatures vanquished.

Vanquished Creatures (collateral kills)
  A golden dragon (Zot:4)
  A bone dragon (Abyss:2)
  A Tzitzimitl (Zig:22)
  2 hellephants
  A tentacled monstrosity (Zot:2)
  An acid blob (Slime:5)
  A storm dragon (Zot:4)
  A tengu reaver (Vaults:4)
  A draconian monk (Zot:2)
  An azure jelly (Slime:5)
  A frost giant (Depths:2)
  A balrug (Geh:6)
  A draconian stormcaller (Zot:3)
  A red draconian (Depths:4)
  A demonspawn black sun (Zig:23)
  A yellow draconian (Zot:5)
  A putrid mouth (Zig:22)
  2 crystal guardians (Desolation)
  An ice dragon (Zot:1)
  An alligator snapping turtle (Zig:21)
  A skeletal warrior (D:13)
  A sea snake (Zig:21)
  A harpy (Zig:21)
  A salamander (Snake:1)
  An ugly thing (D:12)
  A smoke demon (Abyss:2)
  A merfolk (Zig:21)
  An ancient zyme (Abyss:4)
  2 saltlings (Desolation)
  A slime creature (Slime:5)
  2 fire bats (Abyss:1)
  A vampire mosquito (D:12)
  An iron imp (Abyss:4)
  3 mummies (Zig:18)
40 creatures vanquished.

Vanquished Creatures (others)
  A golden dragon (Zot:3)
  An azure jelly (shapeshifter) (Zig:27)
  A fenstrider witch (shapeshifter) (Zig:27)
  A green death (Zig:16)
  A swamp dragon (Zig:16)
  A bloated husk (Zig:10)
  A spriggan (Zig:10)
  4 humans (Elf:1)
  A small abomination (Abyss:4)
  10 bushes (Zig:27)
  7 demonic plants (Abyss:3)
  14 foxfires
  93 fungi
  2 lurking horrors
  235 plants
  15 starspawn tentacles
  5 tentacles
  69 withered plants
462 creatures vanquished.

Grand Total: 5281 creatures vanquished

Notes
Turn   | Place    | Note
-------+----------+-------------------------------------------
     0 | D:1      | scionoferis the Demonspawn Ice Elementalist began the quest
                  | for the Orb.
     0 | D:1      | Reached XP level 1. HP: 13/13 MP: 3/3
   323 | D:1      | Gained mutation: Your touch may inflict minor irresistible
                  | damage on your foes. [demonic ancestry]
   323 | D:1      | Reached XP level 2. HP: 18/19 MP: 0/5
   555 | D:1      | Reached XP level 3. HP: 20/24 MP: 0/6
   561 | D:1      | Learned a level 3 spell: Frozen Ramparts
   681 | D:1      | Learned a level 3 spell: Ozocubu's Armour
  1467 | D:2      | Noticed Terence
  1482 | D:2      | Killed Terence
  1483 | D:2      | Gained mutation: You are partially covered in rugged brown
                  | scales. (AC +1, +3% HP) [demonic ancestry]
  1483 | D:2      | Reached XP level 4. HP: 19/30 MP: 1/8
  1710 | D:2      | Noticed Jessica
  1727 | D:2      | Killed Jessica
  1728 | D:2      | Reached skill level 3 in Spellcasting
  1868 | D:2      | Reached skill level 5 in Ice Magic
  2145 | D:3      | Got the Commentary on Bolts
  2211 | D:3      | Gained mutation: You sometimes gain a little power by
                  | taking damage. [demonic ancestry]
  2211 | D:3      | Reached XP level 5. HP: 36/36 MP: 5/9
  2306 | D:3      | Found a basalt altar of Yredelemnul.
  2413 | D:3      | Noticed Robin
  2437 | D:3      | Killed Robin
  2894 | D:4      | Noticed Sigmund
  3411 | D:4      | Killed Sigmund
  3412 | D:4      | Reached skill level 4 in Spellcasting
  3412 | D:4      | Reached XP level 6. HP: 42/42 MP: 4/12
  3535 | D:4      | Found a runed translucent door.
  3536 | D:4      | Noticed Crazy Yiuf
  3811 | D:4      | Found a staircase to the Ecumenical Temple.
  3820 | Temple   | Entered the Ecumenical Temple
  3999 | Temple   | Became a worshipper of Vehumet
  4124 | D:4      | Killed Crazy Yiuf
  4342 | D:5      | Entered Level 5 of the Dungeon
  4350 | D:5      | Noticed Edmund
  4445 | D:5      | Noticed Eustachio
  4453 | D:5      | Killed Eustachio
  4454 | D:5      | Gained mutation: You are mostly covered in rugged brown
                  | scales. (AC +2, +5% HP) [demonic ancestry]
  4454 | D:5      | Reached XP level 7. HP: 18/48 MP: 10/13
  5166 | D:5      | Found Kaqumuz's Antique Armour Boutique.
  5169 | D:5      | Bought a pair of smoking boots for 199 gold pieces
  5169 | D:5      | Identified the +0 pair of boots "Bofaot" {rF+++ Str+2
                  | Stlth-} (You bought it in a shop on level 5 of the Dungeon)
  5301 | D:5      | Reached skill level 5 in Spellcasting
  5306 | D:5      | Learned a level 4 spell: Hailstorm
  5840 | D:6      | Noticed a boulder beetle
  5909 | D:6      | Reached skill level 1 in Conjurations
  5909 | D:6      | Reached XP level 8. HP: 54/54 MP: 11/15
  5964 | D:6      | Reached skill level 1 in Short Blades
  5976 | D:6      | Killed a boulder beetle
  6115 | D:6      | Reached skill level 6 in Spellcasting
  6279 | D:6      | Reached * piety under Vehumet
  6279 | D:6      | Offered knowledge of Shock by Vehumet.
  6280 | D:6      | Reached XP level 9. HP: 59/59 MP: 11/18
  6673 | D:6      | Found a hazy altar of Hepliaklqana.
  6677 | D:6      | Found a shadowy altar of Dithmenos.
  6906 | D:7      | Noticed Prince Ribbit
  6929 | D:7      | Killed Prince Ribbit
  6974 | D:7      | Noticed Maggie
  7318 | D:7      | Learned a level 5 spell: Fireball
  7380 | D:7      | Reached skill level 1 in Fire Magic
  7475 | D:7      | Killed Maggie
  7681 | D:7      | Reached ** piety under Vehumet
  7681 | D:7      | Offered knowledge of Scorch by Vehumet.
  7757 | D:7      | Found Keystrucu's Hydra Hut.
  7761 | D:7      | Noticed a six-headed hydra
  8447 | D:5      | Killed Edmund
  8448 | D:5      | Reached skill level 5 in Conjurations
  8599 | D:8      | Noticed Maurice
  8609 | D:8      | Killed Maurice
  8622 | D:8      | Reached XP level 10. HP: 66/66 MP: 13/20
  8674 | D:8      | Reached skill level 7 in Spellcasting
  8722 | D:8      | Found Apni's Distillery.
  8745 | D:8      | Found a staircase to the Lair.
  9195 | D:8      | Found Ocaut's Armour Boutique.
  9320 | D:8      | Offered knowledge of Conjure Flame by Vehumet.
  9478 | D:8      | Found Teuror's Assorted Antiques.
  9513 | D:8      | Found Gudatic's Antique Armour Emporium.
  9813 | D:8      | Reached skill level 5 in Short Blades
 10069 | D:9      | Reached *** piety under Vehumet
 10812 | D:9      | Offered knowledge of Airstrike by Vehumet.
 10850 | D:9      | Reached **** piety under Vehumet
 10898 | D:9      | Found a staircase to the Orcish Mines.
 11151 | D:9      | Noticed a cyclops
 11161 | D:9      | Killed a cyclops
 11161 | D:9      | Offered knowledge of Inner Flame by Vehumet.
 11162 | D:9      | Reached skill level 5 in Fire Magic
 11266 | D:9      | Reached XP level 11. HP: 72/72 MP: 12/22
 11428 | D:9      | Reached skill level 1 in Fighting
 11428 | D:9      | Reached skill level 1 in Armour
 11466 | D:9      | Found a bloodstained altar of Trog.
 11784 | D:10     | Entered Level 10 of the Dungeon
 13183 | D:10     | Noticed a stone giant
 13183 | D:10     | Noticed a deep elf zephyrmancer
 13183 | D:10     | Noticed a boulder beetle
 13185 | D:10     | Identified the +11 longbow "Pele Oblegh" {vorpal, rN+}
 13185 | D:10     | Noticed a centaur warrior
 13185 | D:10     | Found a runed translucent door.
 13187 | D:10     | Noticed a boulder beetle
 13187 | D:10     | Noticed a yaktaur captain
 13187 | D:10     | Noticed a boulder beetle
 13187 | D:10     | Noticed a fire giant
 13389 | Lair:1   | Entered Level 1 of the Lair of Beasts
 13463 | Lair:1   | Reached skill level 8 in Spellcasting
 13789 | Lair:1   | Noticed Amaemon
 13806 | Lair:1   | Killed Amaemon
 13807 | Lair:1   | Reached skill level 10 in Ice Magic
 14204 | Lair:1   | Found a runed translucent gate.
 14205 | Lair:1   | Found a runed translucent gate.
 14206 | Lair:1   | Noticed buhh's ghost (journeyman OpTm)
 14207 | Lair:1   | Noticed a death yak
 14383 | Lair:1   | Found a runed translucent gate.
 14684 | Lair:1   | Reached skill level 1 in Long Blades
 14972 | Lair:2   | Noticed a catoblepas
 15912 | Lair:2   | Killed a catoblepas
 15926 | Lair:1   | Reached XP level 12. HP: 43/85 MP: 5/24
 16150 | Lair:1   | Learned a level 4 spell: Sticky Flame
 16378 | Lair:2   | Identified a scroll of acquirement
 16388 | Lair:1   | Acquired a +4 quick blade
 16894 | Lair:2   | Reached ***** piety under Vehumet
 16963 | Lair:2   | Offered knowledge of Iskenderun's Mystic Blast by Vehumet.
 17146 | Lair:2   | Noticed a seven-headed hydra
 17156 | Lair:2   | Killed a seven-headed hydra
 17637 | Lair:3   | Noticed a boulder beetle
 17704 | Lair:3   | Noticed a four-headed hydra
 17716 | Lair:2   | Killed a four-headed hydra
 17875 | Lair:3   | Killed a boulder beetle
 18287 | Lair:3   | Reached skill level 9 in Spellcasting
 18321 | Lair:3   | Reached skill level 5 in Fighting
 18431 | Lair:2   | Learned a level 4 spell: Iskenderun's Mystic Blast
 18495 | Lair:3   | Found a staircase to the Snake Pit.
 18675 | Lair:2   | Reached skill level 5 in Dodging
 18680 | Lair:2   | Reached XP level 13. HP: 95/95 MP: 13/26
 18752 | Lair:2   | Upgraded the game from 0.29-a0-870-g2c972031a6 to
                  | 0.29-a0-872-g797fff5ad1
 19094 | Lair:3   | Reached skill level 1 in Translocations
 19752 | Lair:3   | Found a staircase to the Shoals.
 19852 | Lair:3   | Noticed Gastronok
 19876 | Lair:3   | Killed Gastronok
 19877 | Lair:3   | Reached skill level 5 in Armour
 20020 | Lair:3   | Offered knowledge of Iron Shot by Vehumet.
 20241 | Lair:3   | Found the +3 pair of seven-league boots {Rampage+∞}
 21394 | Lair:4   | Learned a level 1 spell: Apportation
 22026 | Orc:1    | Entered Level 1 of the Orcish Mines
 22026 | Orc:1    | Noticed an orc warlord
 22040 | Orc:1    | Killed an orc warlord
 22208 | Orc:2    | Entered Level 2 of the Orcish Mines
 22216 | Orc:2    | Noticed Rupert
 22349 | Snake:1  | Entered Level 1 of the Snake Pit
 22349 | Snake:1  | Found Ulleecwy's Overcharged Wands.
 22547 | Lair:5   | Entered Level 5 of the Lair of Beasts
 22614 | Lair:5   | Reached skill level 5 in Long Blades
 23334 | Lair:5   | Gained mutation: A weak demonic guardian rushes to your
                  | aid. [demonic ancestry]
 23334 | Lair:5   | Reached XP level 14. HP: 105/105 MP: 14/27
 23416 | Lair:5   | Found a staircase to the Slime Pits.
 24038 | Lair:5   | Reached skill level 10 in Spellcasting
 24706 | Lair:1   | Reached skill level 1 in Evocations
 24712 | Lair:1   | Killed buhh's ghost
 24922 | Lair:1   | Identified the ring of the Glowing Tales {rC+ rCorr Str-3
                  | Dex+6}
 25118 | D:10     | Killed a fire giant
 25134 | D:10     | Killed a stone giant
 25166 | D:10     | Reached skill level 10 in Conjurations
 25498 | D:10     | Identified the amulet of Eschoynlo {Faith Harm Fragile rN+
                  | Dex+3}
 25533 | D:10     | Learned a level 5 spell: Borgnjor's Vile Clutch
 25920 | Lair:5   | Reached skill level 1 in Necromancy
 27086 | Lair:5   | Reached skill level 1 in Earth Magic
 28111 | Lair:5   | Reached skill level 5 in Translocations
 28808 | D:11     | Offered knowledge of Irradiate by Vehumet.
 29236 | D:11     | Found the +6 shillelagh "Devastator" {shatter}
 29708 | D:12     | Noticed Psyche
 30344 | D:12     | Killed Psyche
 30418 | D:12     | Found a runed translucent door.
 30418 | D:12     | Noticed jlumianski's ghost (journeyman DsIE)
 30570 | D:12     | Gained mutation: A demonic guardian rushes to your aid.
                  | [demonic ancestry]
 30570 | D:12     | Reached XP level 15. HP: 102/110 MP: 25/29
 30843 | D:12     | Identified the ring of Josaech {rC+ Str+5}
 31001 | D:12     | Killed jlumianski's ghost
 31140 | D:13     | Noticed Azrael
 31220 | D:13     | Killed Azrael
 31376 | D:8      | Bought a large pearl ring for 115 gold pieces
 31744 | D:13     | Found Nivar's Antique Weapon Shop.
 31750 | D:13     | Noticed Lodul
 31760 | D:13     | Killed Lodul
 32225 | D:13     | Reached skill level 5 in Necromancy
 33165 | D:14     | Found a gate leading to a gauntlet.
 33173 | Gauntlet | Entered a Gauntlet
 33173 | Gauntlet | Found a transporter.
 33179 | Gauntlet | Found a transporter.
 33180 | Gauntlet | Found a transporter.
 33195 | Gauntlet | Found a transporter.
 33197 | Gauntlet | Found a transporter.
 33207 | Gauntlet | Found a transporter.
 33223 | Gauntlet | Found a transporter.
 33233 | Gauntlet | Found a transporter.
 33238 | Gauntlet | Found a transporter.
 33238 | Gauntlet | Found a transporter.
 33247 | Gauntlet | Found a runed translucent gate.
 33248 | Gauntlet | Found a transporter.
 33248 | Gauntlet | Found a runed translucent gate.
 33249 | Gauntlet | Found a runed translucent gate.
 33251 | Gauntlet | Found a transporter.
 33314 | Gauntlet | Found a transporter.
 33331 | Gauntlet | Found a transporter.
 33759 | Gauntlet | Identified the +0 cloak of the Untouchables {+Inv Regen+
                  | rCorr Stlth+}
 33954 | Gauntlet | Identified the +9 long sword of Mucigi {drain, Str+2}
 34274 | D:14     | Found Liviy's Jewellery Shoppe.
 34320 | D:14     | Found Fascharr's Assorted Antiques.
 34463 | D:14     | Found Kirphiru's Jewellery Shoppe.
 34812 | D:14     | Found a gate to the Vaults.
 34852 | D:14     | Offered knowledge of Spellforged Servitor by Vehumet.
 34856 | D:14     | Reached skill level 11 in Spellcasting
 34859 | D:14     | Reached skill level 5 in Evocations
 35282 | D:14     | Noticed Louise
 35818 | Snake:1  | Reached skill level 1 in Shields
 36243 | Snake:1  | Found Yxif's Weapon Emporium.
 37731 | Snake:2  | Gained mutation: Your touch may inflict irresistible damage
                  | on your foes. [demonic ancestry]
 37731 | Snake:2  | Reached XP level 16. HP: 115/116 MP: 21/31
 38658 | Snake:2  | Noticed Aizul
 38680 | Snake:2  | Killed Aizul
 40271 | Snake:3  | Offered knowledge of Orb of Destruction by Vehumet.
 40272 | Snake:3  | Reached skill level 5 in Earth Magic
 42190 | Snake:3  | Reached skill level 5 in Shields
 42486 | Snake:4  | Entered Level 4 of the Snake Pit
 43737 | Snake:4  | Gained mutation: You sometimes gain power by taking damage.
                  | [demonic ancestry]
 43737 | Snake:4  | Reached XP level 17. HP: 97/122 MP: 11/32
 43877 | Snake:4  | Upgraded the game from 0.29-a0-872-g797fff5ad1 to
                  | 0.29-a0-876-gfc89b1a5bd
 44300 | Snake:4  | Found Deysatat's Jewellery Emporium.
 44302 | Snake:4  | Found Xulemuin's Weapon Emporium.
 44305 | Snake:4  | Found Siorriaril's Magic Scroll Emporium.
 44309 | Snake:4  | Found Syhana's Book Emporium.
 45003 | Snake:4  | Reached skill level 12 in Spellcasting
 47057 | Snake:4  | Reached skill level 10 in Necromancy
 47219 | Snake:4  | Got a serpentine rune of Zot
 47490 | Snake:4  | Offered knowledge of Ozocubu's Refrigeration by Vehumet.
 47599 | Snake:4  | Learned a level 7 spell: Ozocubu's Refrigeration
 47711 | Snake:4  | Reached ****** piety under Vehumet
 47873 | Snake:4  | Bought a ring of flight for 245 gold pieces
 48171 | Orc:1    | Killed Rupert
 48721 | Orc:1    | Reached skill level 10 in Long Blades
 48864 | Orc:1    | Paralysed by an orc sorcerer for 2 turns
 49329 | Orc:2    | Noticed Sonja
 49330 | Orc:2    | Killed Sonja
 49388 | Orc:2    | Found Emunnedgh's Armour Shoppe.
 49567 | Orc:2    | Offered knowledge of Starburst by Vehumet.
 49814 | Orc:2    | Found Naxecao's Antique Weapon Shoppe.
 49816 | Orc:2    | Found Vismats's Antique Armour Emporium.
 49948 | Orc:2    | Found a staircase to the Elven Halls.
 50185 | Orc:2    | Found Uhem Bee's General Store.
 50582 | D:14     | Found Fauwnarr's Weapon Emporium.
 50583 | D:14     | Noticed Josephine
 50587 | D:14     | Killed Josephine
 50715 | D:14     | Killed Louise
 50728 | D:14     | Found Cyif's General Store.
 51123 | D:15     | Entered Level 15 of the Dungeon
 51519 | D:15     | Found a staircase to the Depths.
 51939 | D:15     | Found a shimmering blue altar of Sif Muna.
 52420 | Shoals:1 | Entered Level 1 of the Shoals
 52635 | Shoals:1 | Reached XP level 18. HP: 131/131 MP: 25/34
 52852 | D:14     | Bought the amulet of Vitality {RegenMP++ Regen++} for 1400
                  | gold pieces
 52852 | D:14     | Found the amulet of Vitality {RegenMP++ Regen++}
 54388 | Shoals:2 | Offered knowledge of Fire Storm by Vehumet.
 54388 | Shoals:2 | Offered knowledge of Polar Vortex by Vehumet.
 54388 | Shoals:2 | Offered knowledge of Maxwell's Capacitive Coupling by
                  | Vehumet.
 55914 | Shoals:3 | Noticed Mara
 56222 | Shoals:3 | Noticed scionoferis's illusion
 56222 | Shoals:3 | Killed Mara
 56883 | Shoals:4 | Entered Level 4 of the Shoals
 56973 | Shoals:4 | Found a runed translucent door.
 56973 | Shoals:4 | Noticed siradein's ghost (adept DsNe)
 57075 | Shoals:4 | Reached skill level 13 in Spellcasting
 57091 | Shoals:4 | Got a barnacled rune of Zot
 57155 | Shoals:4 | Identified the +2 rapier "Qathrekusch" {vorpal, Will-
                  | Int+6}
 57633 | Shoals:4 | Gained mutation: Your touch may irresistibly damage your
                  | foes and sap their willpower. [demonic ancestry]
 57633 | Shoals:4 | Reached XP level 19. HP: 138/138 MP: 27/36
 57751 | Shoals:4 | Reached skill level 15 in Ice Magic
 57982 | Shoals:4 | Got Sif Muna's Enchiridion on Generative Kindling
 58447 | Shoals:4 | Killed siradein's ghost
 58828 | D:14     | Bought the ring "Comy" {Ice rN+ Str+2 Stlth+} for 734 gold
                  | pieces
 58853 | Vaults:1 | Entered Level 1 of the Vaults
 58870 | Vaults:1 | Found a crumbling gateway.
 58887 | Desolati | Entered the Desolation of Salt
 59592 | Desolati | Identified the +4 eveningstar "Igar" {vorpal, Dex+3}
 59659 | Desolati | Got Sif Muna's Dissertation on the Tempest
 60040 | Desolati | Reached skill level 14 in Spellcasting
 60349 | Desolati | Identified the +9 short sword of Uskayaw {protect, Fragile
                  | rN+++ Will+++ MP-9}
 60459 | Desolati | Gained mutation: You punish those that try to bend your
                  | will. (Will+) [demonic ancestry]
 60459 | Desolati | Reached XP level 20. HP: 145/145 MP: 38/38
 61596 | Desolati | Reached skill level 15 in Spellcasting
 63091 | Vaults:1 | Found Gumireets's Weapon Shop.
 63120 | Vaults:1 | Learned a level 9 spell: Polar Vortex
 64105 | Vaults:2 | Reached XP level 21. HP: 151/151 MP: 40/40
 64906 | Vaults:2 | Reached skill level 16 in Spellcasting
 65345 | Vaults:2 | Learned a level 4 spell: Dispel Undead
 65492 | D:14     | Upgraded the game from 0.29-a0-876-gfc89b1a5bd to
                  | 0.29-a0-878-g7b45a56547
 65764 | Elf:1    | Entered Level 1 of the Elven Halls
 66034 | Elf:1    | Noticed Kirke
 66053 | Elf:1    | Killed Kirke
 66427 | Elf:1    | Found Dutseix's Book Shop.
 66427 | Elf:1    | Found Kiubesa's Jewellery Shoppe.
 66429 | Elf:1    | Found Roquukhus's Book Shop.
 67254 | Elf:2    | Found Ilogotyu's Assorted Antiques.
 67254 | Elf:2    | Found Bafynaj's Magic Scroll Shoppe.
 67256 | Elf:2    | Found Dusy Mau's Antique Armour Emporium.
 67326 | Elf:2    | Found Inesuxo's Weapon Shoppe.
 67687 | Elf:2    | Found a runed translucent gate.
 67689 | Elf:2    | Found a runed translucent gate.
 67693 | Elf:2    | Found a runed translucent gate.
 69092 | Elf:3    | Entered Level 3 of the Elven Halls
 69661 | Elf:3    | Found Itesip's Antique Weapon Shop.
 69760 | Elf:3    | Bought a crystal dagger for 238 gold pieces
 69760 | Elf:3    | Identified the +5 dagger of the Sugar Beet {vamp, rF+} (You
                  | bought it in a shop on level 3 of the Elven Halls)
 70064 | Elf:3    | Reached skill level 17 in Spellcasting
 70067 | Elf:3    | Gained mutation: A powerful demonic guardian rushes to your
                  | aid. [demonic ancestry]
 70067 | Elf:3    | Reached XP level 22. HP: 158/158 MP: 22/43
 70297 | Elf:3    | Identified the +5 battleaxe of the Middle {vamp, rPois
                  | Str+8 Int-5}
 70702 | Elf:3    | Identified the +1 plate armour of Objectivity {rPois Str+3
                  | Dex-3}
 70702 | Elf:3    | Identified the ring of the Failed Coup {rF+ rC++ Dex+6}
 71044 | Elf:3    | Identified the +6 glaive "Ralu" {drain, Str+4}
 71044 | Elf:3    | Identified the ring of Compulsion {Dex+2 Slay+4}
 71105 | Elf:3    | Found the amulet of the Air {Inacc Air Fly rElec RMsl}
 71462 | Elf:3    | Identified the +2 short sword of Qeelaecw {vamp, Will++}
 71468 | Elf:3    | Identified the +4 short sword of Darkness {venom, *Corrode
                  | Str+5 Dex+9}
 71510 | Elf:3    | Identified the ring "Xihoha" {Fire MP-9 Str+6 Int+3}
 71554 | Elf:3    | Found the +9 scales of the Dragon King {rPois rF+ rC+
                  | Will+}
 72423 | Vaults:2 | Found a staircase to the Crypt.
 72526 | Vaults:3 | Noticed Frederick
 72530 | Vaults:3 | Killed Frederick
 73969 | Vaults:3 | Noticed Donald
 73976 | Vaults:3 | Killed Donald
 74100 | Vaults:3 | Reached skill level 10 in Shields
 74472 | Vaults:3 | Noticed Jory
 74668 | Vaults:3 | Killed Jory
 75295 | Vaults:4 | Found Xapt's Weapon Shop.
 77025 | Vaults:4 | Gained mutation: You are powered by pain. [demonic
                  | ancestry]
 77025 | Vaults:4 | Reached XP level 23. HP: 163/163 MP: 29/44
 77604 | Snake:4  | Bought a Necronomicon for 952 gold pieces
 77616 | Snake:4  | Learned a level 8 spell: Necromutation
 78586 | Crypt:1  | Entered Level 1 of the Crypt
 78763 | Crypt:1  | Got Caip's Collected Works on Clouds and the Assassin
 78866 | Crypt:1  | Reached skill level 1 in Transmutations
 79485 | Crypt:2  | Reached skill level 18 in Spellcasting
 79789 | Crypt:2  | Noticed Xtahua
 79794 | Crypt:2  | Killed Xtahua
 80918 | Crypt:3  | Entered Level 3 of the Crypt
 81366 | Crypt:3  | Noticed Boris
 82229 | Crypt:3  | Killed Boris
 82230 | Crypt:3  | Reached skill level 5 in Transmutations
 82911 | Crypt:3  | Found a staircase to the Tomb.
 83130 | Crypt:3  | Found an ancient bone altar of Kikubaaqudgha.
 83357 | Crypt:3  | Found the +9 sword of Zonguldrok {reap}
 83396 | Crypt:3  | Noticed a dread lich
 83410 | Crypt:3  | Killed a dread lich
 83429 | Crypt:3  | Identified the +5 sling of the Morning {flame, Str+2 Int+2
                  | Stlth+}
 83441 | Crypt:3  | Got the Vellum of Interference and Poisoning
 84136 | Elf:1    | Bought a book of Spatial Translocations for 338 gold pieces
 84140 | Elf:1    | Learned a level 2 spell: Blink
 85273 | Depths:1 | Entered Level 1 of the Depths
 85276 | Depths:1 | Gained mutation: You are resistant to unholy torment.
                  | [demonic ancestry]
 85276 | Depths:1 | Reached XP level 24. HP: 171/171 MP: 45/45
 85590 | Depths:1 | Found a hazy altar of Hepliaklqana.
 85872 | Depths:1 | Identified the ring "Othruefuo" {rPois rF+}
 85938 | Depths:1 | Found a gateway to Hell.
 87198 | Depths:1 | Identified the +1 demon trident "Demonbane" {vorpal, *Rage
                  | rC+++ Will+ Int+4}
 87260 | Depths:2 | Found an iron altar of Okawaru.
 87854 | Depths:2 | Found a one-way gate to the infinite horrors of the Abyss.
 87891 | Depths:2 | Found a one-way gate leading to the halls of Pandemonium.
 87977 | Depths:2 | Reached skill level 15 in Necromancy
 89115 | Depths:3 | Found a one-way gateway to a ziggurat.
 89128 | Depths:3 | Identified the +5 shortbow of Wathue {speed, Str+4 Int-5
                  | Dex+4 Stlth+}
 89195 | Depths:3 | Noticed a juggernaut
 89199 | Depths:3 | Killed a juggernaut
 89312 | Depths:3 | Found a broken altar of Ashenzari.
 89356 | Depths:3 | Acquired 920 gold pieces
 89636 | Depths:3 | Reached skill level 19 in Spellcasting
 89790 | Depths:3 | Reached skill level 10 in Transmutations
 90066 | Depths:4 | Entered Level 4 of the Depths
 90190 | Depths:4 | Reached XP level 25. HP: 176/176 MP: 46/46
 91107 | Depths:4 | Found Ycuschu's Antique Armour Shoppe.
 91209 | Depths:4 | Noticed the Enchantress
 91212 | Depths:4 | Killed the Enchantress
 91841 | Depths:4 | Found a gate to the Realm of Zot.
 92017 | Depths:4 | Found the brooch of Shielding {Spirit SH+8}
 92205 | Depths:4 | Noticed a juggernaut
 92215 | Depths:4 | Killed a juggernaut
 93062 | D:8      | Upgraded the game from 0.29-a0-878-g7b45a56547 to
                  | 0.29-a0-885-gb26ba3297d
 93416 | Tomb:1   | Entered Level 1 of the Tomb of the Ancients
 93511 | Tomb:1   | Reached skill level 15 in Shields
 94568 | Tomb:1   | Gained mutation: You are completely covered in rugged brown
                  | scales. (AC +3, +7% HP) [demonic ancestry]
 94568 | Tomb:1   | Reached XP level 26. HP: 176/187 MP: 46/46
 95151 | Elf:2    | Bought a spiked ring mail for 405 gold pieces
 95151 | Elf:2    | Identified the +9 ring mail of Boredom {rPois rF++ rN++}
                  | (You bought it in a shop on level 2 of the Elven Halls)
 95151 | Elf:2    | Bought a pair of smoking boots for 427 gold pieces
 95151 | Elf:2    | Identified the +1 pair of boots "Camimn" {+Inv Regen+ rCorr
                  | Int+3} (You bought it in a shop on level 2 of the Elven
                  | Halls)
 95589 | Vaults:5 | Entered Level 5 of the Vaults
 95592 | Vaults:5 | Reached skill level 20 in Spellcasting
 95607 | Vaults:5 | Identified the ring of Xom's Amusement {Will+ SInv}
 96073 | Vaults:5 | Noticed a dread lich
 96087 | Vaults:5 | Killed a dread lich
 96088 | Vaults:5 | Reached skill level 15 in Transmutations
 96106 | Vaults:5 | Got Sif Muna's Quarto of Toxins and Terrain
 96577 | Vaults:5 | Identified the +0 helmet of Beauty {Will+ Regen+}
 96993 | Vaults:5 | Got a silver rune of Zot
 97063 | Vaults:5 | Got Zapn's Anthology of Transformed Ensorcelling
 97113 | Vaults:5 | Acquired the +1 cloak "Geut" {rElec rF+ Will- Int+2}
 97460 | D:8      | Learned a level 5 spell: Lee's Rapid Deconstruction
 98014 | Zot:1    | Entered Level 1 of the Realm of Zot
 98296 | Zot:1    | Identified the +2 shortbow "Noatiun" {venom, rC- Int+4
                  | Dex+2}
 99717 | Zot:2    | Gained mutation: You can hurl damnation. [demonic ancestry]
 99717 | Zot:2    | Reached XP level 27. HP: 179/197 MP: 47/47
100201 | Zot:2    | Gained mutation: You are clumsy. (Dex -2) [potion of
                  | mutation]
100201 | Zot:2    | Gained mutation: Your muscles are strong. (Str +4, Int/Dex
                  | -1) [potion of mutation]
100202 | Zot:2    | Lost mutation: You are clumsy. (Dex -2) [potion of
                  | mutation]
100202 | Zot:2    | Lost mutation: Your muscles are strong. (Str +4, Int/Dex
                  | -1) [potion of mutation]
100202 | Zot:2    | Gained mutation: Your magical capacity is low. (-10% MP)
                  | [potion of mutation]
100202 | Zot:2    | Gained mutation: You passively dampen the noise of your
                  | surroundings. [potion of mutation]
100202 | Zot:2    | Gained mutation: You are occasionally teleported next to
                  | monsters. [potion of mutation]
100514 | D:8      | Lost mutation: Your magical capacity is low. (-10% MP)
                  | [potion of mutation]
100514 | D:8      | Lost mutation: You are occasionally teleported next to
                  | monsters. [potion of mutation]
100514 | D:8      | Gained mutation: You are agile. (Dex +4, Str/Int -1)
                  | [potion of mutation]
100514 | D:8      | Lost mutation: You are agile. (Dex +4, Str/Int -1) [potion
                  | of mutation]
100620 | Slime:1  | Entered Level 1 of the Pits of Slime
102101 | Slime:3  | Reached skill level 21 in Spellcasting
102670 | Slime:5  | Entered Level 5 of the Pits of Slime
103398 | Slime:5  | Noticed the Royal Jelly
103418 | Slime:5  | Reached skill level 10 in Dodging
103456 | Slime:5  | Killed the Royal Jelly
103559 | Slime:5  | Found the +7 great mace "Firestarter" {inner flame, rF++}
103618 | Slime:5  | Identified the +4 halberd "Usozeqal" {vamp, Str+4 Int+4
                  | Dex+4}
103637 | Slime:5  | Got a slimy rune of Zot
103638 | Slime:5  | Identified the +8 sling of Revolt {flame, Drain rElec rC+
                  | Will+}
103675 | Slime:5  | Got Taheqiki's Tutorial on Magic
103677 | Slime:5  | Identified the +8 morningstar "Nimuwata" {vamp, rCorr}
104235 | Hell     | Entered the Vestibule of Hell
104235 | Hell     | Noticed Geryon
104244 | Hell     | Killed Geryon
104470 | Hell     | Reached skill level 10 in Earth Magic
104669 | Hell     | Found a gateway to the ashen valley of Gehenna.
104777 | Hell     | Found a gateway to the freezing wastes of Cocytus.
104782 | Hell     | Noticed Murray
104783 | Hell     | Reached skill level 10 in Fighting
104852 | Hell     | Killed Murray
105113 | Hell     | Found a gateway to the decaying netherworld of Tartarus.
105316 | Hell     | Found a gateway to the Iron City of Dis.
105463 | Zot:3    | Noticed an orb of fire
105467 | Zot:3    | Killed an orb of fire
106437 | Zot:4    | Noticed a juggernaut
106441 | Zot:4    | Killed a juggernaut
107602 | Zot:4    | Learned a level 6 spell: Iron Shot
107603 | Zot:5    | Entered Level 5 of the Realm of Zot
108894 | D:8      | Upgraded the game from 0.29-a0-885-gb26ba3297d to
                  | 0.29-a0-887-gcbe080d7e0
109828 | Depths:2 | Voluntarily entered the Abyss.
109976 | Abyss:1  | Found a corrupted altar of Lugonu.
110263 | Abyss:1  | Found a stormy altar of Qazlal.
110412 | Abyss:1  | Noticed an ancient lich
110494 | Abyss:1  | Found a radiant altar of Vehumet.
111284 | Abyss:2  | Found a hide-covered altar of Uskayaw.
111981 | Abyss:3  | Reached skill level 22 in Spellcasting
112030 | Abyss:3  | Got an abyssal rune of Zot
112124 | Abyss:3  | Noticed a dread lich
112130 | Abyss:3  | Killed a dread lich
112158 | Depths:2 | Escaped the Abyss
112615 | Zot:5    | Noticed a dread lich
112668 | Zot:5    | Killed a dread lich
114531 | Zot:5    | Noticed an orb of fire
114544 | Zot:5    | Killed an orb of fire
114646 | Zot:5    | Noticed an orb of fire
114652 | Zot:5    | Killed an orb of fire
114760 | Zot:5    | Noticed an orb of fire
114765 | Zot:5    | Killed an orb of fire
114773 | Zot:5    | Noticed an ancient lich
114777 | Zot:5    | Killed an ancient lich
114963 | Zot:5    | Identified the +10 longbow of Lipnou {venom, SInv}
115185 | Geh:1    | Entered Level 1 of Gehenna
116272 | Geh:3    | You fall into a shaft and drop 2 floors!
117147 | Depths:3 | Voluntarily entered the Abyss.
117515 | Depths:3 | Escaped the Abyss
117545 | Depths:3 | Voluntarily entered the Abyss.
117545 | Abyss:4  | Found a corrupted altar of Lugonu.
117565 | Depths:3 | Escaped the Abyss
117599 | Depths:3 | Voluntarily entered the Abyss.
117661 | Abyss:4  | Reached skill level 23 in Spellcasting
117937 | Depths:3 | Escaped the Abyss
117960 | Depths:3 | Voluntarily entered the Abyss.
118129 | Abyss:4  | Noticed an ancient lich
118133 | Abyss:4  | Killed an ancient lich
118160 | Abyss:4  | Reached skill level 15 in Earth Magic
118285 | Depths:3 | Escaped the Abyss
118307 | Depths:3 | Voluntarily entered the Abyss.
118607 | Depths:3 | Escaped the Abyss
119127 | Geh:6    | Noticed an ancient lich
119134 | Geh:6    | Killed an ancient lich
119507 | Geh:7    | Entered Level 7 of Gehenna
120327 | Geh:7    | Identified the amulet "Viavaet" {rElec Regen+ Int-4 Slay+3}
120541 | Geh:7    | Reached skill level 15 in Conjurations
120756 | Depths:3 | Voluntarily entered the Abyss.
121337 | Depths:3 | Escaped the Abyss
121914 | Zig:1    | Entered Level 1 of a ziggurat
121943 | Zig:2    | Entered Level 2 of a ziggurat
121991 | Zig:3    | Entered Level 3 of a ziggurat
122041 | Zig:4    | Entered Level 4 of a ziggurat
122096 | Zig:5    | Entered Level 5 of a ziggurat
122117 | Zig:5    | Identified the amulet "Daob" {Reflect Str+4 SH+5}
122132 | Zig:6    | Entered Level 6 of a ziggurat
122188 | Zig:6    | Learned a level 9 spell: Shatter
122196 | Zig:7    | Entered Level 7 of a ziggurat
122233 | Zig:7    | Got Ankaabe's Atlas of the Alluring Ground
122254 | Zig:8    | Entered Level 8 of a ziggurat
122285 | Zig:8    | Identified the +9 trident "Jecipt" {venom, rF+ rN+ Will+
                  | MP+9}
122288 | Zig:8    | Identified the +6 demon trident of Perversion {venom, rF+}
122295 | Zig:8    | Identified the +6 mace of Gefoceymm {protect, +Blink SInv}
122296 | Zig:8    | Identified the ring "Noruoc" {rF- rC+ rCorr Dex+4 SInv}
122311 | Zig:9    | Entered Level 9 of a ziggurat
122360 | Zig:9    | Identified the amulet "Puekana" {Reflect Str+4 SH+5}
122377 | Zig:10   | Entered Level 10 of a ziggurat
122414 | Zig:10   | Identified the +8 quarterstaff of Muanapet {antimagic, rN+
                  | rCorr Int+7 Stlth-}
122455 | Zig:11   | Entered Level 11 of a ziggurat
122469 | Zig:11   | Reached skill level 24 in Spellcasting
122523 | Zig:11   | Identified the +8 arbalest of Big Damage {flame, rC+ Will+}
122532 | Zig:11   | Identified the +7 lajatang of Asaku {venom, Str+7}
122577 | Zig:12   | Entered Level 12 of a ziggurat
122603 | Zig:12   | Found the +6 Majin-Bo {vamp, MP+6 Int+6}
122642 | Zig:12   | Identified the +0 ring mail of the Many Underlurkers {Str+2
                  | Dex+4}
122654 | Zig:12   | Got the Compendium of the Wind
122734 | Zig:13   | Entered Level 13 of a ziggurat
122772 | Zig:13   | Found the +2 shield of Resistance {rF++ rC++ Will++}
122823 | Zig:13   | Identified the +8 broad axe of Voafue Lyit {flame, Fragile
                  | rPois SInv Stlth+}
122896 | Zig:14   | Entered Level 14 of a ziggurat
123013 | Zig:14   | Identified the +1 robe of the Teacher {Int+4}
123085 | Zig:15   | Entered Level 15 of a ziggurat
123164 | Zig:15   | Identified the amulet of Vaerarr {Reflect Str+3 SH+5}
123182 | Zig:15   | Identified the +6 morningstar "Ziafaum" {protect, Int+6
                  | Stlth+}
123244 | Zig:16   | Entered Level 16 of a ziggurat
123310 | Zig:16   | Identified the +11 halberd "Naezof Timn" {freeze, +Blink
                  | Fly rF- rC+}
123346 | Zig:16   | Identified the ring "Fuenk" {rF+ rC++ rN+ Int-5 SInv}
123409 | Zig:17   | Entered Level 17 of a ziggurat
123536 | Zig:17   | Reached skill level 15 in Fighting
123580 | Zig:17   | Identified the +2 leather armour of Weirdness {Regen+
                  | Dex+7}
123583 | Zig:17   | Identified the ring of Tiwiefuph {*Corrode rPois Str+5
                  | SInv}
123593 | Zig:17   | Identified the +9 short sword of Bulus {drain, *Rage rN+
                  | Str+4 Dex+2}
123613 | Zig:18   | Entered Level 18 of a ziggurat
123709 | Zig:18   | Noticed a royal mummy
123715 | Zig:18   | Killed a royal mummy
123740 | Zig:18   | Noticed a royal mummy
123743 | Zig:18   | Killed a royal mummy
123743 | Zig:18   | Noticed a royal mummy
123744 | Zig:18   | Noticed a royal mummy
123745 | Zig:18   | Noticed a royal mummy
123746 | Zig:18   | Killed a royal mummy
123747 | Zig:18   | Noticed a royal mummy
123749 | Zig:18   | Killed a royal mummy
123749 | Zig:18   | Killed a royal mummy
123751 | Zig:18   | Killed a royal mummy
123752 | Zig:18   | Noticed a royal mummy
123754 | Zig:18   | Noticed a royal mummy
123755 | Zig:18   | Killed a royal mummy
123755 | Zig:18   | Noticed a royal mummy
123756 | Zig:18   | Killed a royal mummy
123759 | Zig:18   | Killed a royal mummy
123827 | Zig:18   | Learned a level 3 spell: Swiftness
123865 | Zig:18   | Identified the ring of Viefoi {rPois rF++ Will+ Str-2
                  | Int+3}
123943 | Zig:19   | Entered Level 19 of a ziggurat
123980 | Zig:19   | Reached skill level 25 in Spellcasting
123993 | Zig:19   | Reached skill level 15 in Dodging
124029 | Zig:19   | Found the +5 robe of Night {Dark Will+ SInv}
124030 | Zig:19   | Found the +2 Maxwell's thermic engine {flame, freeze}
124114 | Zig:19   | Identified the ring "Doump" {Fly rF- Str+6 Dex+6}
124123 | Zig:19   | Identified the amulet of Jufulun {Drain +Blink Regen+ rCorr
                  | Int+3}
124147 | Zig:19   | Identified the +6 rapier of Dawn {flame, Str+5}
124157 | Zig:19   | Got Qoirix's Catalogue of the Mutated Flock
124283 | Zig:20   | Entered Level 20 of a ziggurat
124451 | Zig:20   | Found the +5 lochaber axe {reach-cleave, poleaxe}
124467 | Zig:20   | Identified the +7 dagger of Xenaseso {venom, Dex+5}
124487 | Zig:20   | Identified the +2 robe "Cablih" {Str+4}
124612 | Zig:21   | Entered Level 21 of a ziggurat
124646 | Zig:21   | Reached skill level 10 in Fire Magic
125201 | Zig:21   | Noticed a dread lich
125203 | Zig:21   | Killed a dread lich
125269 | Zig:21   | Identified the amulet "Debib" {Acrobat rElec rF+}
125339 | Zig:22   | Entered Level 22 of a ziggurat
125585 | Zig:22   | Upgraded the game from 0.29-a0-887-gcbe080d7e0 to
                  | 0.29-a0-892-g2c4c91d9db
125595 | Zig:22   | Identified the +10 halberd of Bese {distort, Fragile Int+4
                  | SInv}
125596 | Zig:22   | Identified the +5 mace of Expedience {flame, SInv}
125723 | Zig:22   | Identified the ring "Haihymn" {Fire +Blink Int+3}
125775 | Zig:22   | Identified the +1 leather armour "Huiblusy" {Stlth+}
125914 | Zig:23   | Entered Level 23 of a ziggurat
125934 | Zig:23   | Noticed Alysiarr's ghost (legendary KoHu)
125967 | Zig:23   | Killed Alysiarr's ghost
125967 | Zig:23   | Noticed andrewp's ghost (veteran MiBe)
125981 | Zig:23   | Killed andrewp's ghost
125981 | Zig:23   | Noticed Loffalid's ghost (legendary OpEE)
125991 | Zig:23   | Killed Loffalid's ghost
125995 | Zig:23   | Noticed thechecker02's ghost (master DDFi)
126007 | Zig:23   | Killed thechecker02's ghost
126007 | Zig:23   | Noticed Sext's ghost (legendary MiFi)
126008 | Zig:23   | Noticed strangelove's ghost (master GrEE)
126011 | Zig:23   | Noticed Zenecom's ghost (legendary MiFi)
126017 | Zig:23   | Killed Sext's ghost
126023 | Zig:23   | Killed strangelove's ghost
126024 | Zig:23   | Killed Zenecom's ghost
126034 | Zig:23   | Noticed Piginabag's ghost (legendary DsSk)
126048 | Zig:23   | Killed Piginabag's ghost
126049 | Zig:23   | Reached skill level 26 in Spellcasting
126049 | Zig:23   | Noticed frimble's ghost (legendary MiHu)
126077 | Zig:23   | Noticed Reun's ghost (legendary GrEE)
126092 | Zig:23   | Noticed skullybones's ghost (legendary DsMo)
126094 | Zig:23   | Identified the ring of Ipeqattu {rF+ Will+}
126099 | Zig:23   | Noticed corvin's ghost (legendary OgWn)
126107 | Zig:23   | Noticed Xutext's ghost (adept DsAK)
126110 | Zig:23   | Noticed Loffalid's ghost (legendary OpEE)
126116 | Zig:23   | Noticed ragingrage's ghost (legendary FoAK)
126180 | Zig:23   | Killed corvin's ghost
126256 | Zig:23   | Killed ragingrage's ghost
126286 | Zig:23   | Killed frimble's ghost
126319 | Zig:23   | Killed Loffalid's ghost
126367 | Zig:23   | Killed skullybones's ghost
126415 | Zig:23   | Killed Xutext's ghost
126435 | Zig:23   | Killed Reun's ghost
126463 | Zig:23   | Noticed scionoferis's ghost (legendary OpTm)
126475 | Zig:23   | Killed scionoferis's ghost
126643 | Zig:23   | Identified the +1 chain mail of Gehenna {Rampage +Blink
                  | Dex-5}
126645 | Zig:23   | Got Ciadubay's Vellum of Combustion
126646 | Zig:23   | Identified the +7 great sword of the Three Beasts {vorpal,
                  | rCorr}
126665 | Zig:23   | Identified the +4 shortbow of Famine {freeze, *Slow rElec
                  | rN+ Str+4}
126684 | Zig:24   | Entered Level 24 of a ziggurat
127053 | Zig:24   | Identified the +1 great mace of Contumacious Judgement
                  | {vorpal, rElec}
127065 | Zig:24   | Identified the +8 hand axe of Mandamus {elec, +Blink}
127068 | Zig:24   | Identified the +5 dagger "Synum" {vorpal, rC+ Will+ Str+3
                  | Int-4}
127186 | Zig:25   | Entered Level 25 of a ziggurat
127207 | Zig:25   | Noticed a juggernaut
127226 | Zig:25   | Killed a juggernaut
127238 | Zig:25   | Noticed a juggernaut
127243 | Zig:25   | Killed a juggernaut
127251 | Zig:25   | Noticed a juggernaut
127259 | Zig:25   | Noticed a juggernaut
127260 | Zig:25   | Killed a juggernaut
127260 | Zig:25   | Noticed a juggernaut
127262 | Zig:25   | Killed a juggernaut
127263 | Zig:25   | Noticed a juggernaut
127268 | Zig:25   | Killed a juggernaut
127270 | Zig:25   | Killed a juggernaut
127272 | Zig:25   | Noticed a juggernaut
127272 | Zig:25   | Noticed a juggernaut
127275 | Zig:25   | Killed a juggernaut
127276 | Zig:25   | Killed a juggernaut
127300 | Zig:25   | Noticed a juggernaut
127307 | Zig:25   | Killed a juggernaut
127382 | Zig:25   | Identified the +1 morningstar "Tecaq" {drain, Dex+4}
127383 | Zig:25   | Identified the +3 flail "Seomyzox" {pain, rF+ Str+4}
127388 | Zig:25   | Identified the +7 plate armour of Elitism {rCorr}
127408 | Zig:25   | Identified the +11 battleaxe of Noonerch {freeze, rF+ rC++
                  | Dex-5 Stlth+}
127611 | Zig:26   | Entered Level 26 of a ziggurat
128317 | Zig:26   | Identified the +8 spear "Ajuoff" {venom, Will+}
128319 | Zig:26   | Identified the +7 shortbow of the Hero {flame, Int+6}
128328 | Zig:26   | Acquired a manual of Ranged Weapons
128343 | Zig:26   | Identified the +7 sling of Dusioze {vorpal, Will+ SInv}
128348 | Zig:26   | Identified the ring of Tuakk {rC+ rN+ Dex+2}
128412 | Zig:26   | Reached skill level 15 in Fire Magic
128436 | Zig:27   | Entered Level 27 of a ziggurat
128476 | Zig:27   | Noticed Hesch the pandemonium lord
128480 | Zig:27   | Noticed Meda Lim the pandemonium lord
128482 | Zig:27   | Noticed Zakhewy the pandemonium lord
128485 | Zig:27   | Killed Meda Lim the pandemonium lord
128507 | Zig:27   | Noticed Axaoz the pandemonium lord
128520 | Zig:27   | Noticed Fierched the pandemonium lord
128528 | Zig:27   | Reached skill level 27 in Spellcasting
128528 | Zig:27   | Killed Axaoz the pandemonium lord
128528 | Zig:27   | Noticed Jyfren the pandemonium lord
128528 | Zig:27   | Noticed Gausidgh the pandemonium lord
128529 | Zig:27   | Killed Fierched the pandemonium lord
128530 | Zig:27   | Noticed Jolevvaf the pandemonium lord
128533 | Zig:27   | Killed Gausidgh the pandemonium lord
128533 | Zig:27   | Killed Jyfren the pandemonium lord
128535 | Zig:27   | Noticed Riyvye the pandemonium lord
128535 | Zig:27   | Noticed Jusaat the pandemonium lord
128536 | Zig:27   | Killed Jolevvaf the pandemonium lord
128536 | Zig:27   | Noticed Heolot the pandemonium lord
128537 | Zig:27   | Killed Jusaat the pandemonium lord
128538 | Zig:27   | Killed Zakhewy the pandemonium lord
128539 | Zig:27   | Killed Heolot the pandemonium lord
128539 | Zig:27   | Noticed Ziokk the pandemonium lord
128543 | Zig:27   | Noticed Qikh the pandemonium lord
128546 | Zig:27   | Noticed Yssugyar the pandemonium lord
128546 | Zig:27   | Noticed Jeotioff the pandemonium lord
128547 | Zig:27   | Slain by Ziokk the pandemonium lord

Illustrated notes

Levels and vault maps discovered:
D:1:      lemuel_arrival_river_bridge, layout_basic, minmay_hexomino_p4
D:2:      layout_rooms, nicolae_elevator_lobby_asterisk, uniq_jessica,
          uniq_terence
D:3:      layout_rooms, grunt_temple_overflow_open, uniq_robin
D:4:      layout_loops_ring, lemuel_temple_firewalk_b, uniq_crazy_yiuf_cottage,
          uniq_sigmund
D:5:      layout_basic, serial_shops, nicolae_shop_window_shopping,
          uniq_eustachio, uniq_edmund
D:6:      layout_loops_cross, riverfiend_overflow_shadow_ancestor,
          nicolae_concentric_dashed_squares_mild, chequers_serial_rivers_micro_c
D:7:      layout_loops_cross, grunt_ministairs_14, doesnt_shop_hydraphobe,
          uniq_maggie, uniq_prince_ribbit1
D:8:      layout_loops_cross, due_lair_maze_entry_diamond, serial_shops,
          nicolae_shop_overgrown_old_shop, nicolae_inconvenience_store,
          nicolae_lakefront_shop, kennysheep_little_box,
          minmay_misc_feat_hallway, uniq_maurice
D:9:      layout_basic, hiddenorc2_lemuel, minmay_ruined_shrine
D:10:     minmay_gate_of_8, layout_stronghold, elyvilon_altar_4
D:11:     layout_roguey, the_hattery
D:12:     layout_basic, hellmonk_ghost_happy_afterlife, uniq_psyche
D:13:     layout_rooms, serial_shops, nicolae_shop_advertising_works
          [nicolae_subvault_shop_adworks], uniq_azrael, uniq_lodul
D:14:     layout_loops_ring, lightli_vaults_fourway_checkpoint,
          chequers_serial_rivers_room_a, serial_shops, nicolae_shop_stone, shop,
          kennysheep_mini, nicolae_shop_bloodbath_and_beyond, shop,
          gauntlet_entry_generic, uniq_louise, uniq_josephine
D:15:     grunt_enter_depths_snipers, layout_small_grid,
          dreamdust_princess_bridge, lemuel_blue_sif_altar
Temple:   bh_familiar_temple
Lair:1:   layout_cave_pods, gammafunk_ghost_split, uniq_amaemon
Lair:2:   hellmonk_destroyed_diamonds, layout_long_grid, wad_woods_03
Lair:3:   layout_regular_city, elwin_shoals_entry_rooms,
          minmay_snake_entry_six_corridors,
          hellmonk_guarded_unrand_seven_league_boots, lemuel_fruit_fields,
          uniq_gastronok
Lair:4:   layout_cave_pods
Lair:5:   due_jungle_book, layout_long_grid, nicolae_slime_entry_slimehenge
Shoals:1: layout_shoals
Shoals:2: layout_shoals
Shoals:3: layout_shoals, uniq_mara
Shoals:4: shoals_end_simple, layout_shoals, ebering_ghost_inner_flame,
          nicolae_shoals_wave_tunnel
Snake:1:  layout_rooms, serial_shops, nicolae_shop_statue_plus,
          nicolae_shop_overcharged_wands
Snake:2:  layout_basic, uniq_aizul
Snake:3:  layout_misc_corridors, grunt_ministairs_1, grunt_megastairs_3
Snake:4:  minmay_snake_end_coiled, layout_cave_shapes, minmay_shop_grid_forest,
          serial_bayou_ford_a, nicolae_snake_herptile_family_reunion
Slime:1:  layout_caves
Slime:2:  layout_caves
Slime:3:  layout_caves
Slime:4:  layout_caves
Slime:5
Orc:1:    layout_diamond_mine, basic_altar
Orc:2:    grunt_orc_community_town_hall, layout_caves,
          grunt_orc_community_big_house_1, grunt_orc_community_big_house_2,
          grunt_orc_community_house_2, grunt_orc_community_house_2,
          grunt_orc_community_house_2, grunt_orc_community_house_2,
          minmay_orc_barracks, uniq_sonja, uniq_rupert
Elf:1:    minmay_elf_arrival_summoners, layout_loops_cross,
          hangedman_elf_disciples, minmay_shop_grove, uniq_kirke
Elf:2:    elven_hall_of_blades_hangedman_original
          [nicolae_vaults_blade_armed_guards], layout_geoelf_diagonals,
          minmay_shoptagon
Elf:3:    elf_hall, layout_gridlike, serial_shops, nicolae_diamond_shop,
          roderic_lattice_octagonal_star
Vaults:1: portal_desolation_entry_garden, hangedman_vaults_nodes, v_misc_19,
          nicolae_vaults_quadrants, nicolae_vaults_specimen_jars,
          nicolae_vaults_network_star, vaults_room_corners, vaults_dpeg_hooks,
          layout_vaults_omnicross, serial_shops, nicolae_square_shop
Vaults:2: v_misc_30, grunt_vaults_trifunnel, ontoclasm_vaults_pinch,
          nicolae_vaults_triangles, ontoclasm_vaults_ring_large, v_misc_24,
          v_misc_25, minmay_crypt_entry_simple_statues,
          hangedman_vaults_river_flow, hangedman_vaults_trim,
          nicolae_vaults_little_squares_6, v_rooms_2, st_lattice,
          layout_vaults_omnibox
Vaults:3: ontoclasm_vaults_eye, v_alt_pattern_4, grunt_vaults_hallway_short,
          nicolae_vaults_bisected_slash, ontoclasm_vaults_chip,
          vaults_room_hallway, vaults_dpeg_encased_lava,
          ontoclasm_vaults_decontamination, layout_vaults_chaotic_city,
          uniq_jory, uniq_donald, uniq_frederick
Vaults:4: v_misc_12, ontoclasm_vaults_spin, nicolae_vaults_big_ls,
          vaults_room_door_hall, grunt_vaults_hallway_short,
          layout_vaults_omnigrid, serial_shops, shop
Vaults:5
Crypt:1:  layout_chaotic_city, serial_sigils_hangedman_gnaw,
          minmay_misc_feat_columns
Crypt:2:  layout_catacombs, evilmike_ambush [evilmike_ambush_outer_basic,
          evilmike_ambush_inner_basic], grunt_megastairs_5, uniq_xtahua
Crypt:3:  evilmike_haunted_forest, uniq_boris
Tomb:1
Depths:1: layout_honeycomb, nrook_mini_backslash, hellmouth_2,
          nrook_mini_vaults, worldfamousw_hep_ancestral_shrine
Depths:2: nzn_winding_woodlands_huge [nzn_winding_woodlands_5x15_twine,
          nzn_winding_woodlands_5x15_default, nzn_winding_woodlands_5x15_zeroes,
          nzn_winding_woodlands_5x15_garden, nzn_winding_woodlands_5x15_crooked,
          nzn_winding_woodlands_5x15_sidewinder,
          nzn_winding_woodlands_5x15_sawtooth,
          nzn_winding_woodlands_5x15_concentric,
          nzn_winding_woodlands_5x15_pathside_ponds,
          nzn_winding_woodlands_5x15_lazy_stream,
          nzn_winding_woodlands_center_pierced_h,
          nzn_winding_woodlands_center_diamonds,
          nzn_winding_woodlands_15x15_thick_spiral], layout_cave_shapes,
          minmay_room_of_horrors, pf_coc_iceberg, okawaru_gym_becter,
          grunt_pan_entry_sceptre, drop_trap, grunt_decor_clamped,
          grunt_ministairs_3, minmay_fountain_box, minmay_stone_trees_medium
Depths:3: hangedman_cross_stitches, layout_cave_shapes, enter_ziggurat_b,
          nicolae_ashenzari_skybound, abyss_entry_crystal,
          pf_vacation_house_of_asmodeus, hangedman_decor_opposing,
          minmay_microvault
Depths:4: lemuel_castle_with_subvaults [lemuel_castle_interior_original],
          layout_gridlike, hell_entry, serial_shops, shop_statue,
          hangedman_abyss_or_decor_lesser_grid, minmay_variable_closet,
          chequers_serial_rivers_marsh, serial_bayou_shore_b, uniq_margery,
          uniq_enchantress
Hell
Geh:1:    layout_gehenna_lava_caves, nicolae_hells_hurtin_island
Geh:2:    layout_gehenna_lava_caves
Geh:3:    layout_gehenna_pools_basic, nicolae_geh_niches_of_the_damned
Geh:4:    layout_gehenna_pools_box
Geh:5:    layout_gehenna_lava_caves
Geh:6:    layout_gehenna_lava_caves, gehenna_fire_generator,
          nicolae_geh_lava_in_the_way
Geh:7:    geh_grunt
Zot:1:    nicolae_zot_stationary_front, layout_misc_corridors
Zot:2:    layout_gridlike, st_small_dragon_hoard_5, grunt_megastairs_2
Zot:3:    lemuel_draconian_sentries_small, layout_basic
Zot:4:    ebering_greatest_show_in_zot, layout_misc_corridors,
          grunt_ministairs_5
Zot:5:    layout_cathedral_of_symmetry, grunt_ministairs_3
Zig:27:   ziggurat_pillar_centre_more_plants,
          ziggurat_pillar_centre_more_plants,
          ziggurat_pillar_centre_more_plants, ziggurat_pillar_centre_more_plants

Skill      XL: |  1  2  3  4  5  6  7  8  9 10 11 12 13 14 15 16 17 18 19 20 21 22 23 24 25 26 27 |
---------------+----------------------------------------------------------------------------------+-----
Ice Magic      | 4 5 6 7 8 9 10 11 12 13 14 16 19 21 22 23 25 | 25.0
Spellcasting   | 3 4 5 6 7 8 9 10 11 12 13 14 15 17 18 19 20 27 | 27.0
Conjurations   | 1 3 5 6 7 8 9 10 19 | 19.0
Short Blades   | 3 4 5 6 |  6.2
Fire Magic     | 3 5 6 7 8 15 | 15.7
Dodging        | 2 3 5 6 7 8 9 16 | 16.9
Fighting       | 3 5 6 7 8 17 | 17.8
Armour         | 3 4 5 6 |  6.0
Long Blades    | 2 3 5 6 8 9 10 11 13 | 13.4
Translocations | 3 5 |  5.0
Evocations     | 3 5 7 8 9 |  9.0
Necromancy     | 4 7 9 10 11 12 14 15 17 18 20 | 20.0
Earth Magic    | 2 4 5 6 7 22 | 22.2
Shields        | 2 5 6 7 9 11 13 14 15 17 | 17.5
Transmutations | 6 10 13 15 18 | 18.0
Stealth        | |  1.7

Action                   |  1- 3 |  4- 6 |  7- 9 | 10-12 | 13-15 | 16-18 | 19-21 | 22-24 | 25-27 || total
-------------------------+-------+-------+-------+-------+-------+-------+-------+-------+-------++-------
Melee: Unarmed           |     5 |       |       |       |       |       |       |       |       ||     5
       Short sword       |    28 |    40 |       |    63 |       |       |       |       |       ||   131
       Touch             |     9 |     9 |    23 |   107 |    68 |       |       |     1 |       ||   217
       Punch             |     1 |       |     4 |     7 |     7 |       |       |       |       ||    19
       Mace              |       |    13 |       |       |       |       |       |       |       ||    13
       Rapier            |       |       |   111 |    27 |       |       |       |       |       ||   138
       Dagger            |       |       |       |   260 |   197 |    20 |     1 |       |       ||   478
       Great sword       |       |       |       |     3 |   298 |       |       |       |       ||   301
       Broad axe         |       |       |       |     1 |       |       |       |       |       ||     1
       Quick blade       |       |       |       |    85 |    12 |       |       |    62 |       ||   159
       Long sword        |       |       |       |       |   113 |   465 |   212 |       |       ||   790
       Staff             |       |       |       |       |       |       |    27 |     3 |   123 ||   153
       Scimitar          |       |       |       |       |       |       |       |   105 |       ||   105
       Double sword      |       |       |       |       |       |       |       |    21 |    18 ||    39
       Demon blade       |       |       |       |       |       |       |       |       |   631 ||   631
 Fire: Sling             |       |     4 |    11 |       |       |       |       |       |       ||    15
       Shortbow          |       |       |    13 |       |       |       |       |       |       ||    13
       Longbow           |       |       |       |       |     2 |       |       |       |       ||     2
Throw: Stone             |     2 |       |       |     8 |     2 |       |       |       |       ||    12
       Dart              |       |       |     3 |     4 |    10 |       |       |       |       ||    17
       Boomerang         |       |       |       |       |     9 |    38 |     4 |    11 |     5 ||    67
 Cast: Freeze            |    40 |     4 |       |       |       |       |       |       |       ||    44
       Frozen Ramparts   |     3 |    26 |    40 |    87 |   110 |   115 |     2 |       |       ||   383
       Ozocubu's Armour  |     1 |     2 |    14 |    53 |   100 |    96 |    14 |    11 |    15 ||   306
       Hailstorm         |       |       |     5 |    36 |   128 |   209 |       |       |       ||   378
       Fireball          |       |       |       |    23 |    75 |    42 |     6 |       |    38 ||   184
       Sticky Flame      |       |       |       |     5 |    40 |     4 |     1 |       |     1 ||    51
       Iskenderun's Myst |       |       |       |     3 |    39 |    25 |     3 |     5 |    17 ||    92
       Apportation       |       |       |       |       |     4 |     5 |     1 |     1 |     2 ||    13
       Borgnjor's Vile C |       |       |       |       |     1 |    28 |    56 |    75 |   244 ||   404
       Ozocubu's Refrige |       |       |       |       |       |   253 |   555 |   503 |  1811 ||  3122
       Dispel Undead     |       |       |       |       |       |       |       |   210 |   279 ||   489
       Polar Vortex      |       |       |       |       |       |       |       |     5 |    42 ||    47
       Blink             |       |       |       |       |       |       |       |     6 |     4 ||    10
       Necromutation     |       |       |       |       |       |       |       |       |   447 ||   447
       Lee's Rapid Decon |       |       |       |       |       |       |       |       |    43 ||    43
       Iron Shot         |       |       |       |       |       |       |       |       |   127 ||   127
       Shatter           |       |       |       |       |       |       |       |       |    75 ||    75
       Swiftness         |       |       |       |       |       |       |       |       |     2 ||     2
 Abil: Evoke Invisibilit |       |       |       |       |       |     1 |       |       |     1 ||     2
       End Transformatio |       |       |       |       |       |       |       |       |     8 ||     8
       Hurl Damnation    |       |       |       |       |       |       |       |       |     2 ||     2
Evoke: Wand              |       |       |       |       |     2 |       |     2 |       |       ||     4
       Lightning rod     |       |       |       |       |       |     4 |       |       |       ||     4
       Phantom mirror    |       |       |       |       |       |       |       |       |     1 ||     1
  Use: Potion            |       |     4 |     2 |     2 |     4 |     2 |       |       |    28 ||    42
       Scroll            |       |     3 |     2 |     8 |    14 |       |     3 |     6 |    31 ||    67
 Stab: Sleeping          |     1 |     6 |     4 |     1 |     7 |     1 |     1 |     6 |     1 ||    28
       Distracted        |       |       |       |     1 |       |       |     2 |       |     2 ||     5
       Petrifying        |       |       |       |     1 |       |       |       |       |       ||     1
       Invisible         |       |       |       |       |       |     4 |       |       |       ||     4
Armor: Robe              |     8 |    11 |    33 |       |       |    68 |    60 |   103 |   524 ||   807
       Steam dragon scal |       |       |    18 |   165 |   291 |   107 |       |       |       ||   581
       Acid dragon scale |       |       |       |    24 |       |       |       |       |       ||    24
       Ring mail         |       |       |       |       |    69 |       |       |       |       ||    69
Dodge: Dodged            |    41 |    38 |    51 |   211 |   502 |   370 |   105 |   123 |   833 ||  2274
Block: Buckler           |       |       |       |       |    18 |    61 |    12 |     6 |   171 ||   268
       Kite shield       |       |       |       |       |       |   230 |   125 |   169 |   695 ||  1219
       Reflection        |       |       |       |       |       |       |     4 |    15 |       ||    19
       Other             |       |       |       |       |       |       |       |     2 |       ||     2

Table legend: (Time is in decaauts)
 A = Elapsed time spent in this place.
 B = Non-inter-level travel time spent in this place.
 C = Inter-level travel time spent in this place.
 D = Time resting spent in this place.
 E = Time spent auto-exploring this place.
 F = Levels seen in this place.
 G = Mean time per level.
                   A        B        C        D        E       F      G
               +--------+--------+--------+--------+--------+-----+--------+
         Total | 132965 | 106306 |  26659 |  19865 |  44958 | 104 | 1278.5 |
       Dungeon |  30683 |  20286 |  10397 |   3862 |  10814 |  15 | 2045.5 |
        Temple |    202 |    180 |     22 |      0 |    168 |   1 |  202.0 |
          Lair |  16036 |  12294 |   3742 |   4393 |   4799 |   5 | 3207.2 |
        Shoals |   5660 |   5128 |    532 |    313 |   2109 |   4 | 1415.0 |
     Snake Pit |  12437 |  11216 |   1221 |   4547 |   2494 |   4 | 3109.2 |
    Slime Pits |   3355 |   2946 |    409 |     78 |   1579 |   5 |  671.0 |
  Orcish Mines |   3227 |   2432 |    795 |    565 |    735 |   2 | 1613.5 |
   Elven Halls |   6185 |   5319 |    866 |   1348 |   2764 |   3 | 2061.7 |
        Vaults |  12604 |   9057 |   3547 |   1157 |   6020 |   5 | 2520.8 |
         Crypt |   5338 |   4397 |    941 |    246 |   2504 |   3 | 1779.3 |
          Tomb |   1300 |   1128 |    172 |     74 |    446 |   1 | 1300.0 |
        Depths |   8799 |   6447 |   2352 |    627 |   3956 |   4 | 2199.8 |
          Hell |   1274 |   1187 |     87 |    160 |    541 |   1 | 1274.0 |
       Gehenna |   3729 |   3139 |    590 |    251 |   1234 |   7 |  532.7 |
           Zot |   7129 |   6149 |    980 |    642 |   3187 |   5 | 1425.8 |
         Abyss |   4127 |   4127 |      0 |    651 |    673 |  10 |  412.7 |
      Ziggurat |   6637 |   6637 |      0 |    644 |    629 |  27 |  245.8 |
    Desolation |   3421 |   3421 |      0 |    102 |    281 |   1 | 3421.0 |
      Gauntlet |    811 |    811 |      0 |    204 |     19 |   1 |  811.0 |
               +--------+--------+--------+--------+--------+-----+--------+

Top non-repeatable levels by time:
 Snake:4: 5139 daAuts
     D:8: 4099 daAuts
 Snake:2: 3811 daAuts
  Lair:1: 3797 daAuts
  Lair:5: 3763 daAuts
     D:9: 3488 daAuts
Desolation: 3421 daAuts
  Lair:3: 3311 daAuts
    D:11: 3126 daAuts
Vaults:2: 3004 daAuts
Vaults:1: 2939 daAuts
    D:12: 2722 daAuts
Depths:2: 2709 daAuts
  Lair:4: 2683 daAuts
 Crypt:3: 2640 daAuts
